 Dungeon Crawl Stone Soup version 0.31-a0-1626-g5cb510d322 (webtiles) character file.

Game seed: 252692117216797297

2045447 yetimobile the Maledictor (level 27, 259/276 (306) HPs)
             Began as a Barachi Hexslinger on Jan 6, 2024.
             Was the Champion of Ru.
             Escaped with the Orb
             ... and 5 runes on Jan 12, 2024!
             The game lasted 11:16:12 (146116 turns).

yetimobile the Maledictor (Barachi Hexslinger)    Turns: 146116, Time: 11:16:12

HP:   259/276 (306) AC: 38    Str: 15 (19) XL:     27
MP:   40/58         EV: 14    Int: 17      God:    Ru [******]
Gold: 3233          SH:  0    Dex: 23      Spells: 2/70 levels left

rFire   + + .        a - +8 mithril axe "Arga" {speed, Will+}
rCold   + + +        (shield unavailable)
rNeg    + + .        c - +10 plate armour of Meat Geu {^Drain MP+9 Dex+4}
rPois   +            k - +2 helmet {SInv}
rElec   .            F - scarf {rC+ rF+}
rCorr   +            R - +2 pair of gloves {Str+3}
SInv    +            Q - +1 pair of boots of Chimes {rCorr SInv}
Will    +++++        E - amulet "Uluylu Qezu" {Spirit rPois Will+} Stlth
                     (ring unavailable)
HPRegen 0.66/turn    Y - ring "Vuomn" {rF+ rC+ rN++ Slay+3}
MPRegen 0.36/turn

%: inaccuracy (-5), clarity, guardian spirit
@: berserking, drained, very quick
A: amphibious, slowness 1, inhibited regeneration, missing a hand, hated by all,
missing an eye, strong legs 2, +LOS, clarity, cold resistance 1, strong-willed
1, subdued magic 1
0: Orb of Zot
}: 5/15 runes: serpentine, barnacled, slimy, silver, abyssal
a: Hop, Renounce Religion, Draw Out Power, Power Leap, Apocalypse


You escaped.
You worshipped Ru.
Ru was exalted by your worship.
You visited 12 branches of the dungeon, and saw 56 of its levels.
You visited the Abyss 2 times.
You visited 1 ziggurat, and saw 11 of its levels.
You also visited: Bailey, Ice Cave and Desolation.

You collected 9684 gold pieces.
You spent 6451 gold pieces at shops.

Inventory:

Hand Weapons
 a - the +8 mithril axe "Arga" (weapon) {speed, Will+}
   (You found it in the Desolation of Salt)

   Will+:     It increases your willpower.
 b - the +9 dagger "Coab" {freeze, rElec Will+ Int+7 Dex+4}
   (You found it on level 4 of the Dungeon)

   Int+7:     It affects your intelligence (+7).
   Dex+4:     It affects your dexterity (+4).
   rElec:     It insulates you from electricity.
   Will+:     It increases your willpower.
 A - the +3 scimitar of Understanding {holy, Int+2 Stlth+}
   (You bought it in a shop on level 4 of the Snake Pit)

   Int+2:     It affects your intelligence (+2).
   Stlth+:    It makes you more stealthy.
 B - the +8 sling "Qame" {flame, rElec rF+ rN+ Dex+4}
   (You found it on level 2 of the Crypt)

   Dex+4:     It affects your dexterity (+4).
   rF+:       It protects you from fire.
   rElec:     It insulates you from electricity.
   rN+:       It protects you from negative energy.
 M - a +7 sling of freezing
Missiles
 y - 5 throwing nets
Armour
 c - the +10 plate armour of Meat Geu (worn) {^Drain MP+9 Dex+4}
   (You found it on level 5 of the Dungeon)

   Dex+4:     It affects your dexterity (+4).
   MP+9:      It affects your magic capacity (+9).
   ^Drain:    It drains your maximum health when unequipped.
 k - a +2 helmet of see invisible (worn)
 F - a scarf of resistance (worn)
 Q - the +1 pair of boots of Chimes (worn) {rCorr SInv}
   (You found it on level 5 of the Vaults)

   SInv:      It lets you see invisible.
   rCorr:     It protects you from acid and corrosion.
 R - a +2 pair of gloves of strength (worn)
Jewellery
 v - the ring "Coit Pewk" {rF+ rC+ Dex+6 Slay+5}
   (You took it off a yaktaur captain on level 5 of the Vaults)

   [ring of dexterity]

   Dex+6:     It affects your dexterity (+6).
   Slay+5:    It affects your accuracy & damage with ranged weapons and melee
   (+5).
   rF+:       It protects you from fire.
   rC+:       It protects you from cold.
 z - the ring "Fovvy" {rN+ rCorr Str-3 Int+4 Dex+3}
   (You found it on level 9 of a ziggurat)

   [ring of resist corrosion]

   Str-3:     It affects your strength (-3).
   Int+4:     It affects your intelligence (+4).
   Dex+3:     It affects your dexterity (+3).
   rN+:       It protects you from negative energy.
   rCorr:     It protects you from acid and corrosion.
 C - a ring of ice
 E - the amulet "Uluylu Qezu" (around neck) {Spirit rPois Will+}
   (You bought it in a shop on level 2 of the Vaults)

   [amulet of guardian spirit]

   Spirit:    It causes incoming damage to be divided between your reserves of
   health and magic.
   rPois:     It protects you from poison Will+: It increases your willpower.
 I - the amulet "Wuum" {Reflect rN++ Str+2 SH+5}
   (You acquired it on level 3 of the Depths)

   [amulet of reflection]

   Reflect:   It reflects blocked missile attacks.
   Str+2:     It affects your strength (+2).
   rN++:      It greatly protects you from negative energy.
   SH+5:      It affects your SH (+5).
 P - a ring of poison resistance
 T - the amulet of Dylor {Will++ Regen+ Int-2 Dex+4}
   (You took it off an ironbound thunderhulk on level 2 of the Vaults)

   [amulet of regeneration]

   Int-2:     It affects your intelligence (-2).
   Dex+4:     It affects your dexterity (+4).
   Will++:    It greatly increases your willpower.
   Regen+:    It increases your rate of health regeneration.
 W - the ring "Qium" {rPois rC+ Will+ Int+2}
   (You found it on level 10 of the Dungeon)

   [ring of willpower]

   Int+2:     It affects your intelligence (+2).
   rC+:       It protects you from cold.
   rPois:     It protects you from poison Will+: It increases your willpower.
 Y - the ring "Vuomn" (right hand) {rF+ rC+ rN++ Slay+3}
   (You took it off a deep elf death mage on level 3 of the Elven Halls)

   [ring of protection from cold]

   Slay+3:    It affects your accuracy & damage with ranged weapons and melee
   (+3).
   rF+:       It protects you from fire.
   rC+:       It protects you from cold.
   rN++:      It greatly protects you from negative energy.
Wands
 l - a wand of flame (23)
 p - a wand of polymorph (38)
 G - a wand of iceblast (42)
 N - a wand of digging (8)
 O - a wand of quicksilver (21)
 X - a wand of mindburst (19)
Scrolls
 f - 10 scrolls of poison {!r}
 g - a scroll of silence
 m - 14 scrolls of teleportation
 n - 11 scrolls of fog
 o - 2 scrolls of revelation
 q - 3 scrolls of fear
 r - 3 scrolls of immolation {!r}
 t - 5 scrolls of vulnerability {!r}
 u - 2 scrolls of amnesia
 w - 4 scrolls of enchant weapon
 U - 2 scrolls of blinking
Potions
 d - 9 potions of brilliance
 e - 10 potions of heal wounds
 h - 7 potions of might
 i - 5 potions of cancellation
 j - 24 potions of curing
 s - 5 potions of berserk rage
 x - 10 potions of lignification {!q}
 D - 3 potions of haste
 J - 5 potions of invisibility
 K - a potion of magic
 L - 3 potions of resistance
Miscellaneous
 H - a tin of tremorstones (inert)
 V - a phial of floods (inert)
 Z - a lightning rod (1/4)


   Skills:
 - Level 14.0 Fighting
 - Level 10.6(12.6) Short Blades
 - Level 12.1(14.0) Long Blades
 - Level 18.0 Axes
 + Level 11.8 Ranged Weapons
 - Level 2.7 Throwing
 - Level 17.8 Armour
 - Level 15.8 Dodging
 - Level 10.2 Stealth
 - Level 22.0 Spellcasting
 - Level 14.9 Conjurations
 - Level 22.3 Hexes
 - Level 12.1 Translocations
 - Level 12.4 Fire Magic
 - Level 22.1 Ice Magic
 - Level 12.1 Alchemy
 - Level 18.8 Evocations


You had 2 spell levels left.
You knew the following spells:

 Your Spells              Type           Power      Damage    Failure   Level
a - Anguish               Hex/Necr       21%        N/A       3%          4
c - Cause Fear            Hex            32%        N/A       1%          4
e - Irradiate             Conj/Alch      24%        3d19      3%          5
f - Fireball              Conj/Fire      25%        3d11      3%          5
i - Inner Flame           Hex/Fire       56%        N/A       1%          3
k - Sticky Flame          Fire/Alch      46%        2d9       1%          4
m - Metabolic Englaciati  Hex/Ice        32%        N/A       1%          5
n - Apportation           Tloc           92%        N/A       1%          1
o - Ozocubu's Armour      Ice            64%        N/A       0%          3
u - Passage of Golubria   Tloc           46%        N/A       1%          4
w - Stone Arrow           Conj/Erth      66%        3d11      4%          3
y - Yara's Violent Unrav  Hex/Alch       28%        3d12      1%          5
z - Ozocubu's Refrigerat  Ice            32%        4d14      3%          7
D - Discord               Hex            32%        N/A       24%         8
X - Enfeeble              Hex            32%        N/A       2%          7

Your spell library contained the following spells:

 Spells                   Type           Power      Damage    Failure   Level
 Ensorcelled Hibernation  Hex/Ice        100%       N/A       0%          2
 Jinxbite                 Hex            100%       N/A       0%          2
 Foxfire                  Conj/Fire      100%       2x1d9     1%          1
 Kiss of Death            Conj/Necr      100%       2d13      1%          1
 Magic Dart               Conj           100%       1d8       1%          1
 Sting                    Conj/Alch      100%       1d9       1%          1
 Blink                    Tloc           92%        N/A       1%          2
 Momentum Strike          Conj/Tloc      98%        3d10      1%          2
 Scorch                   Fire           92%        2d8       1%          2
 Searing Ray              Conj           100%       2d8       1%          2
 Static Discharge         Conj/Air       66%        3-6/arc   2%          2
 Mercury Vapours          Alch/Air       60%        N/A       4%          2
 Cigotuvi's Dreadful Rot  Necr/Alch/Air  48%        N/A       10%         2
 Necrotise                Necr           56%        1d6       34%         1
 Sandblast                Erth           28%        2d8       34%         1
 Sublimation of Blood     Necr           14%        N/A       47%         2
 Sigil of Binding         Hex            64%        N/A       0%          3
 Gell's Gravitas          Tloc           46%        N/A       1%          3
 Hailstorm                Conj/Ice       58%        3d11      1%          3
 Teleport Other           Tloc           46%        N/A       1%          3
 Dimensional Bullseye     Hex/Tloc       28%        N/A       1%          4
 Flame Wave               Conj/Fire      50%        2d12      1%          4
 Fulminant Prism          Conj/Alch      24%        3d12      1%          4
 Ignite Poison            Fire/Alch      46%        N/A       1%          4
 Iskenderun's Mystic Bla  Conj/Tloc      49%        2d11      1%          4
 Manifold Assault         Tloc           46%        N/A       1%          4
 Olgreb's Toxic Radiance  Alch           46%        N/A       1%          4
 Iskenderun's Battlesphe  Conj           52%        2d10      1%          5
 Mephitic Cloud           Conj/Alch/Air  38%        N/A       2%          3
 Freezing Cloud           Conj/Ice/Air   23%        6-21      5%          5
 Alistair's Intoxication  Alch           30%        N/A       6%          5
 Silence                  Hex/Air        21%        N/A       10%         5
 Brom's Barrelling Bould  Conj/Erth      33%        2d5       16%         4
 Starburst                Conj/Fire      25%        6d8       19%         6
 Vhi's Electric Charge    Tloc/Air       60%        N/A       28%         4
 Leda's Liquefaction      Alch/Erth      15%        N/A       30%         4
 Petrify                  Alch/Erth      30%        N/A       30%         4
 Dispersal                Tloc           23%        N/A       34%         6
 Eringya's Noxious Bog    Alch           23%        4d6       36%         6
 Arcjolt                  Conj/Air       16%        1d26      43%         5
 Fugue of the Fallen      Necr           14%        N/A       73%         3
 Passwall                 Erth           14%        N/A       73%         3
 Swiftness                Air            14%        N/A       73%         3
 Vampiric Draining        Necr           14%        2d7       73%         3
 Bombard                  Conj/Erth      16%        9d3       95%         6
 Conjure Ball Lightning   Conj/Air       16%        3x3d6     95%         6
 Airstrike                Air            7%         2d(1-17)  98%         4
 Dispel Undead            Necr           14%        3d10      98%         4
 Plasma Beam              Fire/Air       15%        2x1d26    99%         6
 Polar Vortex             Ice            32%        12d4*     99%         9
 Borgnjor's Vile Clutch   Necr/Erth      7%         N/A       100%        5
 Curse of Agony           Necr           14%        N/A       100%        5
 Lee's Rapid Deconstruct  Erth           7%         3d6*      100%        5
 Borgnjor's Revivificati  Necr           7%         N/A       100%        8
 Disjunction              Tloc           23%        N/A       100%        8
 Ignition                 Fire           23%        3d8       100%        8
 Lehudib's Crystal Spear  Conj/Erth      16%        10d5      100%        8
 Chain Lightning          Conj/Air       16%        3d22      100%        9
 Death's Door             Necr           7%         N/A       100%        9
 Fire Storm               Conj/Fire      25%        8d6       100%        9
 Shatter                  Erth           7%         3d9*      100%        9
 Summon Small Mammal      Summ           Unusable   N/A       N/A         1
 Call Imp                 Summ           Unusable   N/A       N/A         2
 Tukima's Dance           Hex            Unusable   N/A       N/A         3
 Summon Ice Beast         Ice/Summ       Unusable   N/A       N/A         3
 Sculpt Simulacrum        Ice/Alch       Unusable   N/A       N/A         6
 Summon Blazeheart Golem  Fire/Summ      Unusable   N/A       N/A         4
 Animate Dead             Necr           Unusable   N/A       N/A         4
 Martyr's Knell           Necr/Summ      Unusable   N/A       N/A         4
 Summon Lightning Spire   Summ/Air       Unusable   N/A       N/A         4
 Death Channel            Necr           Unusable   N/A       N/A         6
 Summon Cactus Giant      Summ           Unusable   N/A       N/A         6
 Haunt                    Necr/Summ      Unusable   N/A       N/A         7
 Spellforged Servitor     Conj/Summ      Unusable   N/A       N/A         7
 Infestation              Necr           Unusable   N/A       N/A         8
 Dragon's Call            Summ           Unusable   N/A       N/A         9

Dungeon Overview and Level Annotations

Branches:
Dungeon (15/15)            Temple (1/1) D:6            Lair (5/5) D:8
 Shoals (4/4) Lair:2        Snake (4/4) Lair:3        Slime (5/5) Lair:5
    Orc (2/2) D:10            Elf (3/3) Orc:2        Vaults (5/5) D:13
  Crypt (3/3) Vaults:2       Tomb (0/3) Crypt:3      Depths (4/4) D:15
    Zot (5/5) Depths:4     Bailey (visited)           IceCv (visited)
Desolation (visited)

Altars:
Ashenzari
Cheibriados
Dithmenos
Elyvilon
Gozag
Kikubaaqudgha
Makhleb
Nemelex Xobeh
Okawaru
Qazlal
Ru
Sif Muna
Trog
Uskayaw
Vehumet
Wu Jian
Xom
Zin
The Shining One
Lugonu

Shops:
D:5 *   D:9 (   D:15 **   Orc:2 ((:(   Snake:3 ::   Snake:4 ((*
Vaults:2 *!![=   Vaults:4 :

Portals:
Hell: Depths:1 Depths:2 Depths:3 Depths:4
Abyss: Shoals:2 Depths:1 Depths:3 Depths:4
Pandemonium: Depths:1 Depths:2 Depths:3
Trove: Vaults:1 (give 12 potions of heal wounds)

Annotations:
D:13 Rupert
Elf:1 4 runed translucent doors
Elf:2 exclusion: 3 doors, Louise
Zot:5 2 transporters, Bealaq's ghost, legendary GnFE


Innate Abilities, Weirdness & Mutations

You are amphibious.
You cover ground slowly.
You do not regenerate when monsters are visible.
You are missing a hand.
You are hated by all.
You are missing an eye, making it more difficult to aim.
You can hop long distances.
You have an extended range of vision and can be seen from far away.
You possess an exceptional clarity of mind.
Your flesh is cold resistant. (rC+)
You are strong-willed. (Will+)
Your spells are a little easier to cast, but a little less powerful.


Message History

The Orb Guardian burns!
The Orb Guardian hits you.
You hit the Orb Guardian.
The Orb Guardian is almost dead.
You slash the Orb Guardian!
You kill the Orb Guardian!
You feel your strength returning.
No target in view!
A balrug comes into view. It is wielding a +0 demon whip.
A balrug is nearby!
The balrug gestures at you.
The bolt of fire hits you but does no damage.
Confirm with . or Enter, or press ? or * to list all spells.
The heat is drained from your surroundings.
The balrug is frozen!
The balrug is heavily wounded.
Confirm with . or Enter, or press ? or * to list all spells.
The heat is drained from your surroundings.
The balrug is frozen!
The balrug is almost dead.
The balrug begins to attack, but is stunned by your conviction!
Confirm with . or Enter, or press ? or * to list all spells.
The heat is drained from your surroundings.
The balrug is frozen!
You kill the balrug!
Things that are here:
a +0 leather armour; 3 stones; a +0 club
There is a stone staircase leading up here.
You see here a +0 demon whip.
You climb upwards.
There is a stone staircase leading down here.
What level of the Dungeon? (default 2, ? - help)
Okay, then.
There is a staircase leading out of the dungeon here.
You can't go down here!
Okay, then.
A red film seems to cover your vision as you go berserk!
You feel yourself moving faster!
You feel mighty!
You can't go down here!
You feel a strong urge to attack something.
You have escaped!

#..........#.#
#.###.#....#.#
#.....#.##.#.#######
###.#.#.####....##....
#.........#..##.......
####.#.#.#.#.########....
#......#.#......# #....
##.#.###.###.#.## #....
#......F......# #....
##.#.###.###.#.## #....
#......#.#......# #....
####.#.#.#.#.#### #....
#.........# #####
###.#.#.### #.....#
#.###.# ### ###


There were no monsters in sight!

Vanquished Creatures
  the Royal Jelly (Slime:5)
  Dissolution (Slime:3)
  2 pandemonium lords
  5 dread liches
  3 ancient liches
  2 juggernauts (Depths:4)
  3 orbs of fire (Zot:5)
  Xtahua (Crypt:3)
  Vv (Zot:1)
  Boris (Crypt:3)
  A royal mummy (Depths:4)
  2 Killer Klowns (Zot:5)
  Saint Roka (Orc:2)
  4 curse toes
  A caustic shrike (Depths:3)
  8 golden dragons
  The ghost of Pimiptod the Executioner, an adept MiFi of the Shining One (Crypt:1)
  4 bone dragons
  2 profane servitors
  8 electric golems
  Jorgrun (Shoals:1)
  22 tentacled monstrosities
  24 Orb Guardians
  6 deep elf master archers
  4 deep elf blademasters (Elf:3)
  5 liches
  6 titans
  6 quicksilver dragons
  A sphinx (Depths:3)
  24 acid blobs
  2 death cobs (Zot:3)
  An Executioner (Abyss:2)
  An ancient champion (Crypt:2)
  12 storm dragons
  4 tentacled starspawn
  8 tengu reavers
  2 revenants
  18 shadow dragons
  16 azure jellies
  11 frost giants
  12 protean progenitors
  15 rockslimes
  9 draconian monks
  2 demonspawn warmongers (Zig:5)
  6 fire giants
  7 draconian shifters
  8 vault wardens
  The ghost of Sareon the Destroyer, a journeyman DgCj (D:15)
  7 draconian knights
  8 ghost moths
  7 deep elf sorcerers
  3 imperial myrmidons (Desolation)
  6 nagarajas
  6 draconian scorchers
  A balrug (D:2)
  2 caustic shrike zombies (Crypt:3)
  2 iron dragons (Depths:3)
  2 angels (Vaults:4)
  4 curse skulls
  5 deep elf elementalists (Elf:3)
  2 draconian stormcallers
  17 quicksilver oozes
  7 reapers
  An orc warlord (Vaults:4)
  A cacodemon (Abyss:2)
  27 very ugly things
  A formless jellyfish (Slime:5)
  20 ironbound preservers
  4 spriggan defenders
  5 ironbound thunderhulks
  6 ghouls
  A demonspawn blood saint (Zig:5)
  2 draconian annihilators
  4 vampire knights
  18 stone giants
  12 white draconians
  7 deep elf death magi
  2 bunyips
  10 green draconians
  9 yellow draconians
  A lorocyproca (D:4)
  15 black draconians
  4 deep elf demonologists
  4 war gargoyles
  Azrael (Elf:2)
  8 deep elf annihilators
  7 red draconians
  8 spark wasps (Depths:3)
  7 dire elephants
  8 eidola
  A blizzard demon (Depths:3)
  A crystal guardian (Desolation)
  9 purple draconians
  7 merfolk javelineers
  12 ettins
  7 merfolk impalers (Shoals:4)
  8 fire dragons
  7 ragged hierophants (Desolation)
  12 jiangshi
  A quicksilver dragon zombie (Crypt:3)
  3 deep elf high priests
  Josephine (D:14)
  12 great orbs of eyes
  7 mummy priests
  An entropy weaver (Vaults:4)
  12 yaktaur captains
  6 ice dragons
  11 servants of whispers (Desolation)
  5 rakshasas
  2 spriggan zombies (Crypt:3)
  Harold (D:10)
  28 vault guards
  10 death knights
  9 hydras
  8 peacekeepers
  A salamander tyrant (Snake:4)
  8 merfolk aquamancers
  3 quicksilver dragon skeletons (Crypt:2)
  A spriggan skeleton (Zig:10)
  3 catoblepae (Lair:5)
  4 spriggan air magi
  7 ironbound frosthearts
  2 ogre magi
  3 jorogumos
  10 boulder beetles
  5 two-headed ogres
  18 anacondas
  4 satyrs
  2 radroaches (Zot:4)
  A two-headed ogre (shapeshifter) (Vaults:5)
  A merfolk avatar (Shoals:4)
  18 centaur warriors
  11 death yaks
  19 naga warriors
  8 tengu warriors
  7 deep troll earth magi
  A demonic crawler (Abyss:2)
  6 spriggan berserkers
  6 vampire magi
  6 thrashing horrors
  5 shock serpents
  6 deep troll shamans
  2 sun demons
  An occultist (Depths:1)
  2 orc high priests (Orc:2)
  12 naga sharpshooters
  18 hell knights
  2 soul eaters
  22 dancing weapons
  A titan zombie (Depths:1)
  A storm dragon zombie (Zig:10)
  10 deep elf knights
  3 shadow wraiths (Crypt:2)
  2 iron trolls
  3 salamander mystics
  24 skeletal warriors
  2 skysharks
  2 bunyip zombies
  2 sixfirhies
  2 goliath frogs (Zot:4)
  An iron giant zombie (Abyss:2)
  5 wretched stars
  2 anaconda zombies
  11 sea snakes
  11 deep elf archers
  4 glowing orange brains
  An orb spider (Abyss:2)
  A quicksilver dragon simulacrum (Depths:1)
  13 mana vipers
  35 deep trolls
  A bunyip skeleton (Abyss:2)
  4 arcanists
  A bog body (Crypt:2)
  2 glowing orange brains (shapeshifter)
  10 naga ritualists
  3 orange crystal statues
  An anaconda skeleton (Abyss:2)
  4 flayed ghosts
  27 phantasmal warriors
  13 lindwurms
  An obsidian statue (Zot:5)
  A swamp dragon (Zig:1)
  16 large abominations
  21 deep elf zephyrmancers
  4 orc knights
  4 golden dragon skeletons
  2 iron dragon zombies
  20 deep elf pyromancers
  11 harpies
  25 ironbound convokers
  3 fauns (Shoals:3)
  7 necromancers
  A tengu skeleton (Zig:11)
  A glowing shapeshifter (Vaults:5)
  A shining eye (shapeshifter) (D:14)
  5 orc sorcerers (Orc:2)
  15 cyclopes
  20 manticores
  21 moths of wrath
  17 salamanders
  48 ugly things
  8 shining eyes
  A frost giant skeleton (Depths:1)
  2 wolf spiders
  2 meliai (shapeshifter)
  2 worldbinders
  A dire elephant zombie (Abyss:2)
  38 black mambas
  8 guardian serpents
  14 vault sentinels
  7 elephants (Lair:5)
  13 water nymphs
  A meliai (D:15)
  3 merfolk sirens
  A guardian serpent (shapeshifter) (Elf:2)
  5 apocalypse crabs
  A titan simulacrum (Zig:10)
  A molten gargoyle (Desolation)
  A rust devil (Depths:3)
  4 cane toads
  5 ice statues
  9 unseen horrors
  5 smoke demons
  19 naga magi
  An alligator snapping turtle zombie (Crypt:3)
  An unseen horror (shapeshifter) (D:13)
  7 eyes of devastation
  14 freezing wraiths
  3 kobold demonologists
  10 komodo dragons
  A mana viper skeleton (Crypt:1)
  A red draconian zombie (Crypt:1)
  2 ancient zymes (Abyss:2)
  15 yaktaurs
  A tormentor (D:7)
  5 efreet
  4 rime drakes
  7 ice devils (IceCv)
  5 guardian mummies
  5 tengu conjurers
  4 harpy zombies (Crypt:3)
  A queen bee (shapeshifter) (Depths:2)
  A hydra zombie (Crypt:3)
  2 pale draconian skeletons (Crypt:2)
  A hornet (shapeshifter) (D:14)
  A black draconian skeleton (Crypt:1)
  5 trolls
  12 wind drakes
  A hellwing (Zot:3)
  6 hornets
  An iron troll skeleton (Crypt:1)
  24 merfolk
  3 tyrant leeches
  Prince Ribbit (D:5)
  6 polar bears
  A wolf spider simulacrum (D:14)
  A raiju (shapeshifter) (Elf:3)
  7 glass eyes
  56 saltlings (Desolation)
  10 blink frogs
  A harpy skeleton (Crypt:2)
  2 dream sheep (shapeshifter)
  8 raiju (Abyss:2)
  10 snapping turtles
  5 jumping spiders (Crypt:3)
  108 slime creatures
  8 air elementals
  A centaur simulacrum (Crypt:2)
  A black mamba skeleton (Abyss:2)
  4 fire dragon skeletons (Crypt:2)
  4 shadows
  2 wyverns
  8 spriggans
  15 wraiths
  A yak (shapeshifter) (D:14)
  A culicivora (Vaults:4)
  A wind drake zombie (Shoals:2)
  3 vampires
  2 ynoxinuls
  A human (shapeshifter) (D:10)
  An ushabti (Crypt:3)
  4 basilisks
  10 golden eyes
  A hog (shapeshifter) (Depths:3)
  A basilisk (shapeshifter) (D:14)
  57 yaks
  3 fire elementals
  3 wargs
  Eustachio (D:5)
  41 water elementals
  7 chaos spawn
  3 neqoxecs
  8 vampire mosquitoes
  3 redbacks (Crypt:3)
  3 harpy simulacra (IceCv)
  A two-headed ogre zombie (Crypt:1)
  A hydra simulacrum (IceCv)
  4 acid dragons
  7 hell hounds
  50 nagas
  8 water moccasins
  A swamp drake (Lair:2)
  44 orc warriors
  3 sky beasts
  2 black bears
  9 small abominations
  13 laughing skulls
  A black bear (shapeshifter) (D:14)
  7 ogres
  A manticore zombie (Crypt:1)
  9 centaurs
  9 wolves
  A dream sheep skeleton (Crypt:2)
  A hog skeleton (Crypt:1)
  2 kobold brigands
  A weeping skull (Abyss:2)
  14 bullfrogs
  15 necrophages
  2 gnoll sergeants
  2 scorpions
  A cane toad simulacrum (IceCv)
  2 two-headed ogre simulacra (IceCv)
  3 earth elementals
  A water moccasin zombie (Crypt:2)
  8 wyvern skeletons (Crypt:3)
  9 wights
  An elephant simulacrum (IceCv)
  A queen bee zombie (Crypt:2)
  19 killer bees
  13 electric eels
  4 howler monkeys
  3 centaur zombies
  3 lava snakes (Lair:3)
  2 bombardier beetles
  2 quasits (Abyss:2)
  30 orc priests
  2 iron imps (Abyss:2)
  3 gnoll boudas
  3 jellies
  A black bear zombie (Crypt:1)
  4 hounds
  A sleepcap (D:4)
  Natasha (twice) (D:2)
  12 iguanas
  48 orc wizards
  A polar bear simulacrum (IceCv)
  3 spriggan simulacra (IceCv)
  A troll simulacrum (IceCv)
  A naga zombie (Crypt:1)
  8 mummies
  20 gnolls
  5 adders
  2 naga simulacra (IceCv)
  A shadow imp (D:5)
  7 white imps
  7 ufetubi
  A ribbon worm (D:3)
  The ghost of Caupytet the Shield-Bearer, a weakling FoFi (D:14)
  3 dart slugs
  106 orcs
  9 ball pythons
  2 bats
  An endoplasm (D:4)
  2 giant cockroaches
  25 hobgoblins
  4 jackals (D:2)
  4 quokkas
  An endoplasm zombie (Crypt:2)
  11 frilled lizards
  19 goblins
  A jackal skeleton (Crypt:1)
  14 kobolds
  2 rats
  An aspiring flesh (Zot:1)
  4 starspawn tentacles (Abyss:2)
2772 creatures vanquished.

Vanquished Creatures (collateral kills)
  2 acid blobs (Zig:8)
  A tengu reaver (Zig:7)
  2 nagarajas
  2 deep elf sorcerers
  A vampire knight (Zig:6)
  3 deep elf annihilators (Zig:9)
  2 spriggan air magi (Zig:7)
  2 vampire magi (Zig:6)
  An occultist (Zig:7)
  A shadow wraith (Zig:6)
  A golden dragon zombie (Zig:11)
  A glowing orange brain (Zig:8)
  An orc sorcerer (Zig:7)
  2 naga magi (Zig:9)
  3 guardian mummies (Zig:11)
  2 slime creatures (Zig:8)
  An ushabti (Zig:10)
  5 mummies
33 creatures vanquished.

Vanquished Creatures (others)
  A juggernaut (Depths:3)
  A quicksilver dragon (Zot:1)
  An acid blob (Slime:5)
  2 Orb Guardians (Zot:5)
  A deep elf blademaster (Elf:3)
  A death cob (Zot:3)
  2 tentacled starspawn (Abyss:2)
  A shadow dragon (Zot:2)
  A storm dragon (Vaults:4)
  2 tengu reavers
  A draconian knight (Depths:4)
  2 rockslimes
  A caustic shrike zombie (Crypt:2)
  A vault warden (Vaults:4)
  A quicksilver ooze (Slime:2)
  A draconian annihilator (Zig:9)
  A white draconian (Zot:2)
  A dire elephant (Vaults:1)
  A yellow draconian (Zot:1)
  A merfolk javelineer (Depths:1)
  A jiangshi (Crypt:1)
  A great orb of eyes (Vaults:2)
  A death knight (Crypt:1)
  A boulder beetle (Zig:4)
  2 naga sharpshooters (Snake:4)
  2 hell knights (Depths:4)
  2 deep trolls
  A shadow wraith (Crypt:2)
  A mana viper (Snake:2)
  A harpy (Shoals:4)
  A deep elf archer (Elf:3)
  A deep elf zephyrmancer (Elf:3)
  A wolf spider (Crypt:3)
  A manticore (Shoals:3)
  A black mamba (Snake:2)
  2 guardian serpents (Snake:4)
  A rime drake (Lair:5)
  A guardian mummy (Zig:10)
  5 slime creatures
  A centaur simulacrum (D:14)
  A spriggan (Lair:2)
  A water elemental (Elf:1)
  A ynoxinul (Abyss:2)
  A wyvern (Lair:2)
  A vampire mosquito (D:14)
  A wyvern skeleton (Crypt:3)
  A killer bee (D:9)
  An orc priest (Orc:1)
  2 orc wizards (D:13)
  4 mummies
  A gnoll (D:9)
  A white imp (Abyss:2)
  An orc (D:10)
  A goblin (Bailey)
  A kobold (D:8)
  20 starspawn tentacles
91 creatures vanquished.

Grand Total: 2896 creatures vanquished

Notes
Turn   | Place    | Note
-------+----------+-------------------------------------------
     0 | D:1      | yetimobile the Barachi Hexslinger began the quest for the
                  | Orb.
     0 | D:1      | Reached XP level 1. HP: 15/15 MP: 2/2
   332 | D:1      | Reached XP level 2. HP: 21/21 MP: 3/3
   560 | D:2      | Reached skill level 3 in Ranged Weapons
   586 | D:2      | Identified the +5 ring mail of the Zebra {rN++ Str+3 Int+3
                  | Dex+3}
   730 | D:2      | Learned a level 2 spell: Jinxbite
   765 | D:2      | Reached XP level 3. HP: 26/26 MP: 4/4
  1016 | D:2      | Reached skill level 4 in Hexes
  1251 | D:2      | Noticed Natasha
  1257 | D:2      | Killed Natasha
  1258 | D:2      | Reached XP level 4. HP: 32/32 MP: 2/5
  1283 | D:2      | Noticed Natasha
  1296 | D:2      | Killed Natasha
  1297 | D:2      | Reached skill level 5 in Hexes
  1297 | D:2      | Reached skill level 1 in Throwing
  1510 | D:3      | Reached skill level 2 in Throwing
  1510 | D:3      | Reached XP level 5. HP: 34/37 MP: 2/6
  1924 | D:3      | Learned a level 3 spell: Inner Flame
  2279 | D:4      | Identified the +9 dagger "Coab" {freeze, rElec Will+ Int+7
                  | Dex+4}
  2414 | D:4      | You fall into a shaft and drop 2 floors!
  2429 | D:6      | Noticed a sky beast
  2444 | D:6      | Killed a sky beast
  2445 | D:6      | Reached skill level 4 in Ranged Weapons
  2445 | D:6      | Reached XP level 6. HP: 39/43 MP: 3/7
  2531 | D:5      | Entered Level 5 of the Dungeon
  2531 | D:5      | Found Tixkulec's General Store.
  2533 | D:5      | Noticed Eustachio
  2571 | D:6      | Found a staircase to the Ecumenical Temple.
  2599 | Temple   | Entered the Ecumenical Temple
  2613 | Temple   | Became a worshipper of Ru the Awakened
  2657 | D:6      | Noticed a sky beast
  2670 | D:6      | Killed a sky beast
  2671 | D:6      | Reached skill level 5 in Ranged Weapons
  2743 | D:6      | Noticed a shadow
  2757 | D:6      | Killed a shadow
  2758 | D:6      | Reached skill level 6 in Ranged Weapons
  2758 | D:6      | Reached XP level 7. HP: 36/48 MP: 4/8
  2925 | D:6      | Noticed a yak
  2925 | D:6      | Noticed a yak
  2925 | D:6      | Noticed a yak
  2966 | D:5      | Killed Eustachio
  2967 | D:5      | Reached skill level 7 in Ranged Weapons
  3435 | D:4      | Reached XP level 8. HP: 54/54 MP: 9/9
  3820 | D:5      | Learned a level 4 spell: Dimensional Bullseye
  3884 | D:5      | Reached skill level 8 in Ranged Weapons
  4036 | D:5      | Identified the +10 plate armour of Meat Geu {^Drain MP+9
                  | Dex+4}
  4061 | D:5      | Reached skill level 1 in Armour
  4126 | D:5      | Gained mutation: You are missing a hand. [Ru sacrifice]
  4126 | D:5      | Reached * piety under Ru
  4126 | D:5      | Reached ** piety under Ru
  4126 | D:5      | Reached *** piety under Ru
  4505 | D:5      | Noticed Prince Ribbit
  4521 | D:5      | Killed Prince Ribbit
  4522 | D:5      | Reached skill level 2 in Short Blades
  4522 | D:5      | Reached skill level 9 in Ranged Weapons
  4831 | D:6      | Noticed a yak
  4841 | D:5      | Killed a yak
  4842 | D:5      | Reached skill level 3 in Short Blades
  4842 | D:5      | Reached skill level 2 in Armour
  4944 | D:6      | Noticed a yak
  4949 | D:6      | Noticed a yak
  4960 | D:5      | Killed a yak
  4961 | D:5      | Reached skill level 4 in Short Blades
  4961 | D:5      | Reached skill level 3 in Armour
  4961 | D:5      | Reached XP level 9. HP: 46/59 MP: 6/10
  5064 | D:5      | Found a stormy altar of Qazlal.
  5188 | D:5      | Found a snail-covered altar of Cheibriados.
  5376 | D:5      | Reached skill level 4 in Armour
  5447 | D:6      | Reached skill level 5 in Short Blades
  5464 | D:5      | Reached skill level 5 in Armour
  5819 | D:7      | Reached skill level 6 in Short Blades
  5820 | D:7      | Reached skill level 6 in Armour
  5944 | D:7      | Found a flagged portal.
  5972 | Bailey   | Entered a bailey
  6134 | Bailey   | Reached skill level 7 in Armour
  6274 | Bailey   | Reached skill level 8 in Armour
  6503 | Bailey   | Reached skill level 7 in Short Blades
  6503 | Bailey   | Reached XP level 10. HP: 58/65 MP: 9/11
  6573 | Bailey   | Noticed an orc warlord
  6586 | Bailey   | HP: 5/65 [poisoned by you (poison gas)]
  6587 | Bailey   | HP: 2/65 [poisoned by you (poison gas)]
  6925 | Bailey   | Reached skill level 8 in Short Blades
  6964 | D:7      | Acquired a manual of Armour
  7287 | D:7      | Reached skill level 9 in Armour
  7750 | D:7      | Reached skill level 10 in Armour
  7943 | D:7      | Gained mutation: You are hated by all. [Ru sacrifice]
  7943 | D:7      | Reached **** piety under Ru
  8060 | D:8      | Found a staircase to the Lair.
  9102 | D:8      | Reached skill level 9 in Short Blades
  9413 | D:9      | Found Wut Zuph's Weapon Shoppe.
  9693 | D:9      | Reached skill level 10 in Short Blades
 10095 | D:9      | Reached skill level 6 in Hexes
 10095 | D:9      | Reached XP level 11. HP: 63/70 MP: 12/12
 10116 | D:9      | Reached skill level 7 in Hexes
 10430 | D:9      | Reached skill level 8 in Hexes
 10852 | D:9      | Reached skill level 9 in Hexes
 11427 | D:10     | Entered Level 10 of the Dungeon
 11512 | D:9      | Reached skill level 11 in Armour
 11630 | D:10     | Found a glowing golden altar of the Shining One.
 11729 | D:10     | Reached skill level 12 in Armour
 11799 | D:10     | Found a staircase to the Orcish Mines.
 11856 | D:10     | Noticed Harold
 11888 | D:10     | Killed Harold
 11889 | D:10     | Reached skill level 13 in Armour
 11914 | D:10     | Gained mutation: You are missing an eye, making it more
                  | difficult to aim. [Ru sacrifice]
 11914 | D:10     | Reached ***** piety under Ru
 12148 | D:10     | Noticed a large abomination
 12149 | D:10     | Noticed a purple ugly thing
 12149 | D:10     | Noticed a thrashing horror
 12150 | D:10     | Found a corrupted altar of Lugonu.
 12150 | D:10     | Found a transporter.
 12150 | D:10     | Noticed a brown ugly thing
 12151 | D:10     | Noticed a white ugly thing
 12154 | D:10     | Found a transporter.
 12477 | D:5      | Bought a +1 pair of boots of rampaging for 247 gold pieces
 12528 | Lair:1   | Entered Level 1 of the Lair of Beasts
 12553 | Lair:1   | Reached skill level 2 in Fighting
 12553 | Lair:1   | Reached skill level 14 in Armour
 12719 | Lair:1   | Reached skill level 3 in Fighting
 12828 | Lair:1   | Reached XP level 12. HP: 72/83 MP: 13/13
 12857 | Lair:1   | Reached skill level 4 in Fighting
 12861 | Lair:1   | Reached skill level 15 in Armour
 13135 | Lair:1   | Reached skill level 5 in Fighting
 13212 | Lair:1   | Reached skill level 6 in Fighting
 13354 | Lair:1   | Reached skill level 7 in Fighting
 13535 | Lair:1   | Learned a level 4 spell: Cause Fear
 13539 | Lair:1   | Learned a level 3 spell: Passwall
 13594 | Lair:1   | Noticed a boulder beetle
 13677 | Lair:1   | Killed a boulder beetle
 13678 | Lair:1   | Reached skill level 8 in Fighting
 14012 | D:8      | Identified the +2 scimitar of the Endless Expanse {venom,
                  | Int+3 Dex-3}
 14205 | Lair:2   | Found a staircase to the Shoals.
 14227 | Lair:2   | Reached skill level 1 in Stealth
 14357 | Lair:2   | Reached skill level 10 in Hexes
 14428 | Lair:2   | Reached skill level 2 in Stealth
 14554 | Lair:2   | Gained mutation: You do not regenerate when monsters are
                  | visible. [Ru sacrifice]
 14554 | Lair:2   | Reached ****** piety under Ru
 15205 | Lair:3   | Reached skill level 3 in Stealth
 15401 | Lair:3   | Reached skill level 4 in Stealth
 15572 | Lair:3   | Found a staircase to the Snake Pit.
 15973 | Lair:3   | Reached skill level 11 in Hexes
 16362 | Lair:3   | Reached skill level 5 in Stealth
 16975 | Lair:4   | Gained mutation: You can hop long distances. [Barachi
                  | growth]
 16975 | Lair:4   | Reached XP level 13. HP: 93/98 MP: 14/14
 17108 | Lair:4   | Learned a level 1 spell: Apportation
 17265 | Lair:4   | Reached skill level 6 in Stealth
 17452 | Lair:4   | Reached skill level 2 in Fire Magic
 17497 | Lair:4   | Found a shimmering altar of Xom.
 17559 | Lair:4   | Reached skill level 3 in Fire Magic
 17863 | Lair:3   | Reached skill level 4 in Fire Magic
 18296 | Lair:5   | Entered Level 5 of the Lair of Beasts
 18485 | Lair:5   | Reached skill level 5 in Fire Magic
 18608 | Lair:5   | Reached skill level 6 in Fire Magic
 18613 | Lair:5   | Found a frozen archway.
 18628 | IceCv    | Entered an ice cave
 18774 | IceCv    | Reached skill level 1 in Evocations
 19023 | IceCv    | Reached skill level 2 in Evocations
 19927 | IceCv    | Noticed a reaper
 19931 | IceCv    | Killed a reaper
 19932 | IceCv    | Reached skill level 7 in Fire Magic
 20383 | IceCv    | Reached skill level 8 in Fire Magic
 20949 | Lair:5   | Found a runed translucent door.
 20950 | Lair:5   | Noticed an acid blob
 20951 | Lair:5   | Found a staircase to the Slime Pits.
 20951 | Lair:5   | Noticed an acid blob
 21367 | Lair:5   | Reached skill level 9 in Fire Magic
 21992 | Lair:4   | Reached skill level 10 in Fire Magic
 22172 | Orc:1    | Entered Level 1 of the Orcish Mines
 22986 | Orc:2    | Entered Level 2 of the Orcish Mines
 22988 | Orc:2    | Reached skill level 2 in Spellcasting
 23053 | Orc:2    | Reached XP level 14. HP: 102/104 MP: 16/18
 23079 | Orc:2    | Found a staircase to the Elven Halls.
 23136 | Orc:2    | Reached skill level 3 in Spellcasting
 23437 | Orc:2    | Noticed Saint Roka
 23587 | Orc:1    | Learned a level 5 spell: Fireball
 23874 | Orc:2    | Reached skill level 1 in Conjurations
 23897 | Orc:2    | Killed Saint Roka
 23898 | Orc:2    | Reached skill level 4 in Conjurations
 24472 | Orc:2    | Reached skill level 5 in Conjurations
 24721 | Orc:2    | Reached skill level 6 in Conjurations
 25228 | Orc:2    | Found Ypieschya's Book Boutique.
 25228 | Orc:2    | Found Gezui's Antique Weapon Shop.
 25228 | Orc:2    | Found Neximasa's Weapon Shop.
 25249 | Orc:2    | Found Zotirem's Antique Weapon Boutique.
 25426 | Orc:2    | Bought a book of Winter for 612 gold pieces
 25817 | D:11     | Reached skill level 4 in Spellcasting
 26118 | D:11     | Identified the ring of Lady Luck {Fly rC+}
 26272 | D:11     | Reached skill level 5 in Spellcasting
 26495 | D:11     | Identified the +0 robe of Deruox {rF+}
 26806 | D:11     | Reached skill level 6 in Spellcasting
 26819 | D:11     | Learned a level 3 spell: Ozocubu's Armour
 26820 | D:11     | Upgraded the game from 0.31-a0-1591-g515db51633 to
                  | 0.31-a0-1603-gbec6b6ccbf
 26912 | D:12     | Reached skill level 1 in Ice Magic
 27055 | D:12     | Gained mutation: You passively map a small area around you.
                  | [potion of mutation]
 27156 | D:12     | Reached skill level 7 in Conjurations
 27175 | D:11     | Reached skill level 2 in Ice Magic
 27671 | D:12     | Reached skill level 3 in Ice Magic
 28293 | D:13     | Reached skill level 4 in Ice Magic
 28659 | D:13     | Reached skill level 8 in Conjurations
 29021 | D:13     | Noticed Rupert
 29227 | D:13     | Reached skill level 5 in Ice Magic
 29558 | D:13     | Noticed an ironbound preserver
 29667 | D:13     | Killed an ironbound preserver
 29668 | D:13     | Reached skill level 3 in Dodging
 29729 | D:13     | Reached XP level 15. HP: 97/110 MP: 22/25
 29773 | D:13     | Identified the +1 hand axe of Igoleer {venom, Dex+4}
 29782 | D:13     | Found a gate to the Vaults.
 30397 | Lair:4   | Reached skill level 4 in Dodging
 30545 | Lair:4   | Reached skill level 7 in Spellcasting
 31114 | Lair:5   | Reached skill level 5 in Dodging
 31344 | Lair:5   | Learned a level 5 spell: Metabolic Englaciation
 31794 | Lair:5   | Reached skill level 8 in Spellcasting
 31860 | Lair:5   | Reached skill level 6 in Dodging
 32173 | Lair:5   | Identified the +4 ring mail "Utidael" {rPois Dex+2 Slay-2
                  | SInv}
 32579 | Lair:4   | Reached skill level 9 in Conjurations
 32764 | D:14     | Found a runed translucent door.
 32860 | D:14     | Reached skill level 7 in Dodging
 33230 | D:14     | Noticed Josephine
 33241 | D:14     | Killed Josephine
 33562 | D:14     | Found a shimmering altar of Xom.
 33562 | D:14     | Noticed Caupytet's ghost (weakling FoFi)
 33637 | D:14     | Killed Caupytet's ghost
 33776 | D:14     | Found a snail-covered altar of Cheibriados.
 33882 | D:14     | Reached skill level 8 in Dodging
 33989 | D:14     | Reached skill level 10 in Conjurations
 34915 | D:14     | Reached skill level 9 in Dodging
 35349 | D:14     | Reached skill level 11 in Conjurations
 35515 | D:14     | Reached XP level 16. HP: 70/117 MP: 28/28
 35750 | D:14     | Reached skill level 10 in Dodging
 36153 | D:14     | Reached skill level 12 in Conjurations
 37383 | Snake:1  | Entered Level 1 of the Snake Pit
 37460 | Snake:1  | Reached skill level 3 in Evocations
 37980 | Snake:1  | Reached skill level 9 in Spellcasting
 37980 | Snake:1  | Reached skill level 4 in Evocations
 38026 | Snake:1  | Learned a level 5 spell: Irradiate
 38379 | Snake:1  | Reached skill level 5 in Evocations
 38572 | Snake:1  | Reached skill level 10 in Spellcasting
 38821 | Snake:1  | Reached skill level 6 in Evocations
 39502 | Snake:1  | Reached skill level 11 in Spellcasting
 39895 | Snake:2  | Learned a level 4 spell: Dimensional Bullseye
 40989 | Snake:2  | Reached skill level 12 in Spellcasting
 41212 | Snake:2  | Reached skill level 9 in Fighting
 41531 | Snake:2  | Reached XP level 17. HP: 125/125 MP: 31/33
 42055 | Snake:2  | Reached skill level 1 in Alchemy
 42634 | Snake:2  | Reached skill level 2 in Alchemy
 42908 | Snake:3  | Reached skill level 10 in Fighting
 42908 | Snake:3  | Reached skill level 3 in Alchemy
 42959 | Snake:3  | Reached skill level 4 in Alchemy
 42962 | Snake:3  | Found Ushikho's Tremendous Tomes.
 43289 | Snake:3  | Learned a level 5 spell: Yara's Violent Unravelling
 44329 | Snake:2  | Reached skill level 11 in Fire Magic
 44430 | Snake:3  | Found Doman's Book Shop.
 45525 | Snake:3  | Reached skill level 12 in Fire Magic
 46108 | Snake:3  | Reached skill level 14 in Spellcasting
 46108 | Snake:3  | Reached skill level 7 in Evocations
 46108 | Snake:3  | Reached XP level 18. HP: 136/136 MP: 33/36
 46391 | D:9      | Bought the +11 falchion of Midnight {holy, ^Drain rC++
                  | Stlth+} for 1067 gold pieces
 46607 | Snake:4  | Entered Level 4 of the Snake Pit
 46875 | Snake:4  | Reached skill level 1 in Long Blades
 47245 | Snake:4  | Found Ehaifi's General Store.
 47250 | Snake:4  | Found Xeme's Antique Weapon Boutique.
 47251 | Snake:4  | Found Puklagos's Weapon Shop.
 47318 | Snake:4  | Reached skill level 2 in Long Blades
 47516 | Snake:4  | Reached skill level 3 in Long Blades
 47711 | Snake:4  | Reached skill level 4 in Long Blades
 47792 | Snake:4  | HP: 6/136 [salamander tyrant (54)]
 48565 | Snake:4  | Reached skill level 5 in Long Blades
 48915 | Snake:4  | Reached skill level 6 in Long Blades
 49405 | Snake:4  | Reached skill level 7 in Long Blades
 49677 | Snake:4  | Reached skill level 8 in Long Blades
 50082 | Snake:4  | Reached XP level 19. HP: 79/137 MP: 37/37
 50493 | Snake:4  | Reached skill level 9 in Long Blades
 51076 | Snake:4  | Reached skill level 10 in Long Blades
 51274 | Snake:4  | Got a serpentine rune of Zot
 51458 | Shoals:1 | Entered Level 1 of the Shoals
 51547 | Shoals:1 | Noticed Jorgrun
 51563 | Shoals:1 | Killed Jorgrun
 51817 | Shoals:1 | Identified the +9 trident of the Evil Eye {freeze, ^Drain
                  | rElec rF+ rN++}
 52109 | Snake:4  | Bought a masterwork scimitar for 315 gold pieces
 52109 | Snake:4  | Identified the +3 scimitar of Understanding {holy, Int+2
                  | Stlth+} (You bought it in a shop on level 4 of the Snake
                  | Pit)
 52381 | D:15     | Entered Level 15 of the Dungeon
 52393 | D:15     | Reached skill level 11 in Long Blades
 53310 | D:15     | Found Jyocror's Assorted Antiques.
 53516 | D:15     | Found an ornate altar of the Wu Jian Council.
 53575 | D:15     | Reached skill level 12 in Long Blades
 53764 | D:15     | Found a runed translucent gate.
 53764 | D:15     | Found a runed translucent gate.
 53764 | D:15     | Found an opulent altar of Gozag.
 53764 | D:15     | Found a runed translucent gate.
 53765 | D:15     | Found Sienu's Assorted Antiques.
 53766 | D:15     | Noticed Sareon's ghost (journeyman DgCj)
 54002 | D:15     | Found a staircase to the Depths.
 54216 | D:15     | Reached skill level 16 in Armour
 54216 | D:15     | Killed Sareon's ghost
 54396 | D:15     | Bought a faintly humming chain mail for 247 gold pieces
 54396 | D:15     | Identified the +6 chain mail of Generosity {Fly rN++ Int+2
                  | Dex-4} (You bought it in a shop on level 15 of the Dungeon)
 54582 | Elf:1    | Entered Level 1 of the Elven Halls
 55024 | Elf:1    | Reached skill level 17 in Armour
 55101 | Elf:1    | Found a huge runed translucent gate.
 55101 | Elf:1    | Found a huge runed translucent gate.
 55102 | Elf:1    | Found a huge runed translucent gate.
 55102 | Elf:1    | Found a huge runed translucent gate.
 55331 | Elf:1    | You are sucked into a shaft and drop 1 floor!
 55331 | Elf:2    | Found a runed translucent gate.
 55331 | Elf:2    | Found a runed translucent gate.
 55331 | Elf:2    | Found a runed translucent gate.
 55347 | Elf:2    | Identified the +0 tower shield of Inevitability {Int+7}
 55347 | Elf:2    | Noticed Louise
 55351 | Elf:2    | Paralysed by an air elemental for 1 turns
 55357 | Elf:2    | Paralysed by an air elemental for 1 turns
 55365 | Elf:3    | Entered Level 3 of the Elven Halls
 55687 | Elf:3    | Reached skill level 11 in Fighting
 55735 | Elf:3    | Learned a level 4 spell: Sticky Flame
 56340 | Elf:3    | Reached skill level 12 in Fighting
 56557 | Elf:3    | Reached skill level 5 in Alchemy
 56971 | Elf:3    | Reached skill level 12 in Hexes
 57794 | Elf:3    | Reached skill level 6 in Alchemy
 58087 | Elf:2    | Paralysed by an air elemental for 1 turns
 58175 | Elf:2    | Noticed Azrael
 58229 | Elf:2    | Killed Azrael
 58709 | Elf:2    | Reached skill level 7 in Alchemy
 58943 | Elf:2    | Reached XP level 20. HP: 153/153 MP: 22/38
 59396 | Elf:2    | Reached skill level 13 in Hexes
 59912 | Elf:2    | Reached skill level 8 in Alchemy
 60210 | Elf:3    | Identified the +2 ring mail of the Arena {rF+ Str+8 Dex-3}
 60852 | Elf:3    | Identified the staff of Heimma {rC+ Int+6 Stlth- Tloc
                  | Earth}
 60858 | Elf:3    | Identified the ring "Vuomn" {rF+ rC+ rN++ Slay+3}
 61136 | Elf:3    | Reached skill level 9 in Alchemy
 61141 | Elf:3    | chingching
 61230 | Elf:3    | Identified the +6 mace of Jamur {heavy, rElec rF+ Str+5}
 61704 | Elf:3    | Reached skill level 14 in Hexes
 62255 | Elf:3    | Got Sif Muna's Grimoire of Hot Gusts
 62488 | D:10     | Identified the ring "Qium" {rPois rC+ Will+ Int+2}
 62490 | D:10     | Reached skill level 6 in Ice Magic
 62655 | Lair:2   | Upgraded the game from 0.31-a0-1603-gbec6b6ccbf to
                  | 0.31-a0-1611-g890cdf5628
 63290 | Shoals:2 | Found a runed translucent door.
 63294 | Shoals:2 | Found a corrupted altar of Lugonu.
 63294 | Shoals:2 | Found a one-way gate to the infinite horrors of the Abyss.
 63525 | Shoals:2 | Reached skill level 7 in Ice Magic
 64742 | Shoals:3 | Reached skill level 8 in Ice Magic
 65243 | Shoals:3 | Reached skill level 9 in Ice Magic
 66387 | Shoals:4 | Entered Level 4 of the Shoals
 66404 | Shoals:4 | Reached skill level 10 in Ice Magic
 67119 | Shoals:4 | Paralysed by an air elemental for 1 turns
 67122 | Shoals:4 | Paralysed by an air elemental for 1 turns
 67132 | Shoals:3 | Reached skill level 11 in Ice Magic
 67324 | Shoals:4 | Found a stormy altar of Qazlal.
 67582 | Shoals:4 | Paralysed by an air elemental for 1 turns
 67700 | Shoals:4 | Paralysed by an air elemental for 1 turns
 68375 | Shoals:4 | Reached skill level 12 in Ice Magic
 68588 | Shoals:4 | Reached XP level 21. HP: 88/159 MP: 14/39
 69282 | Shoals:4 | Reached skill level 13 in Ice Magic
 69490 | Shoals:4 | Got a barnacled rune of Zot
 69598 | Shoals:4 | Found a stormy altar of Qazlal.
 70555 | Vaults:1 | Entered Level 1 of the Vaults
 70570 | Vaults:1 | Found a portal to a secret trove of treasure.
 71503 | Vaults:1 | Reached skill level 15 in Spellcasting
 72618 | Vaults:1 | Reached skill level 16 in Spellcasting
 72653 | Vaults:1 | Upgraded the game from 0.31-a0-1611-g890cdf5628 to
                  | 0.31-a0-1612-g4aaf141004
 73972 | Vaults:2 | Found Mufirriymyd's Distillery.
 73978 | Vaults:2 | Bought a potion of heal wounds for 95 gold pieces
 73978 | Vaults:2 | Bought a potion of ambrosia for 152 gold pieces
 74334 | Vaults:2 | Reached skill level 17 in Spellcasting
 74700 | Vaults:2 | Found a staircase to the Crypt.
 74748 | Vaults:2 | Found Keig's Armour Emporium.
 75470 | Vaults:2 | Learned a level 7 spell: Ozocubu's Refrigeration
 75517 | Vaults:2 | Reached skill level 14 in Ice Magic
 75897 | Vaults:2 | Found Noguipp's Jewellery Boutique.
 76548 | Vaults:2 | Identified the amulet of Dylor {Will++ Regen+ Int-2 Dex+4}
 76555 | Vaults:2 | Reached XP level 22. HP: 165/165 MP: 32/43
 76634 | Vaults:2 | Found Keaj's Distillery.
 76642 | Vaults:2 | Bought a potion of heal wounds for 110 gold pieces
 76642 | Vaults:2 | Bought a potion of heal wounds for 110 gold pieces
 76759 | Vaults:2 | Found Ammow's General Store.
 77262 | Vaults:3 | Reached skill level 15 in Ice Magic
 78799 | Vaults:3 | Learned a level 4 spell: Anguish
 79491 | Vaults:4 | Found a white marble altar of Elyvilon.
 79492 | Vaults:4 | Found a crumbling gateway.
 79493 | Vaults:4 | Found a glowing golden altar of the Shining One.
 79493 | Vaults:4 | Found a glowing silver altar of Zin.
 79515 | Vaults:4 | Reached skill level 16 in Ice Magic
 79664 | Desolati | Entered the Desolation of Salt
 79682 | Desolati | Learned a level 3 spell: Stone Arrow
 79998 | Desolati | Found the +8 mithril axe "Arga" {speed, Will+}
 80335 | Desolati | Reached skill level 7 in Stealth
 80995 | Desolati | Reached skill level 8 in Stealth
 81115 | Desolati | Identified the +3 scimitar of Ampouho {freeze, rC+ Str-3
                  | Stlth+}
 81606 | Desolati | Reached skill level 9 in Stealth
 82440 | Desolati | Identified the serpent talisman "Socseyn" {rCorr Int+3
                  | SInv}
 82730 | Desolati | Got the Secrets of Earthen Lamentation
 83480 | Vaults:4 | Reached skill level 1 in Axes
 83485 | Vaults:4 | Reached skill level 2 in Axes
 83700 | Vaults:4 | Reached skill level 3 in Axes
 83969 | Vaults:4 | Reached skill level 4 in Axes
 84281 | Vaults:4 | Found Quxt's Book Shoppe.
 84514 | Vaults:4 | Reached skill level 5 in Axes
 84830 | Vaults:5 | Entered Level 5 of the Vaults
 84833 | Vaults:5 | Reached skill level 13 in Conjurations
 85078 | Depths:1 | Entered Level 1 of the Depths
 85607 | Lair:5   | Reached skill level 14 in Conjurations
 85676 | Slime:1  | Entered Level 1 of the Pits of Slime
 85679 | Slime:1  | Gained mutation: You occasionally lose the ability to drink
                  | potions when taking damage. [a shining eye]
 85681 | Slime:1  | Reached XP level 23. HP: 171/171 MP: 20/44
 86833 | Slime:3  | Gained mutation: You are weak. (Str -2) [a shining eye]
 87298 | Slime:3  | Noticed Dissolution
 87351 | Slime:3  | Killed Dissolution
 87602 | Slime:2  | Reached skill level 17 in Ice Magic
 88478 | Slime:1  | Gained mutation: Your spells are a little easier to cast,
                  | but a little less powerful. [a shining eye]
 88685 | Slime:2  | Reached skill level 6 in Axes
 89452 | Slime:1  | Reached skill level 7 in Axes
 90136 | Slime:4  | Reached skill level 8 in Axes
 90715 | Slime:5  | Entered Level 5 of the Pits of Slime
 90805 | Slime:5  | Reached skill level 9 in Axes
 91482 | Slime:5  | Reached skill level 10 in Axes
 91604 | Slime:5  | Paralysed by a formless jellyfish for 1 turns
 92228 | Slime:5  | Reached skill level 11 in Axes
 92383 | Slime:5  | Noticed the Royal Jelly
 92389 | Slime:5  | Killed the Royal Jelly
 92796 | Slime:4  | Reached skill level 12 in Axes
 93579 | Slime:5  | Found the +5 demon whip "Spellbinder" {antimagic, disrupt,
                  | Will+}
 93613 | Slime:5  | Lost mutation: You passively map a small area around you.
                  | [potion of mutation]
 93613 | Slime:5  | Lost mutation: You are weak. (Str -2) [potion of mutation]
 93613 | Slime:5  | Gained mutation: You have a pair of small horns on your
                  | head. [potion of mutation]
 93613 | Slime:5  | Gained mutation: Your body sometimes deteriorates upon
                  | taking damage. [potion of mutation]
 93625 | Slime:5  | Got a slimy rune of Zot
 93677 | Slime:5  | Identified the +0 ring mail "Hon Tuam" {Rampage}
 93680 | Slime:5  | Identified the +6 plate armour of Okawaru's Esteem {rF+}
 93688 | Slime:5  | Identified the +3 spear of the Yoke {vamp, Fly}
 94238 | Vaults:4 | Reached XP level 24. HP: 168/169 MP: 26/44
 94262 | Vaults:4 | Lost mutation: You occasionally lose the ability to drink
                  | potions when taking damage. [potion of mutation]
 94262 | Vaults:4 | Lost mutation: Your body sometimes deteriorates upon taking
                  | damage. [potion of mutation]
 94262 | Vaults:4 | Lost mutation: You have a pair of small horns on your head.
                  | [potion of mutation]
 94262 | Vaults:4 | Gained mutation: Your health recovers twice as slowly from
                  | being drained. [potion of mutation]
 94262 | Vaults:4 | Gained mutation: You have sharp fingernails. [potion of
                  | mutation]
 94263 | Vaults:4 | Lost mutation: You have sharp fingernails. [potion of
                  | mutation]
 94263 | Vaults:4 | Lost mutation: Your spells are a little easier to cast, but
                  | a little less powerful. [potion of mutation]
 94263 | Vaults:4 | Lost mutation: Your health recovers twice as slowly from
                  | being drained. [potion of mutation]
 94263 | Vaults:4 | Gained mutation: Your body sometimes deteriorates upon
                  | taking damage. [potion of mutation]
 94263 | Vaults:4 | Gained mutation: You expend magic power (3 MP) to
                  | strengthen your wands. [potion of mutation]
 94467 | D:15     | Bought a scroll of acquirement for 1404 gold pieces
 94467 | D:15     | Acquired 706 gold pieces
 94513 | Depths:1 | Reached skill level 13 in Axes
 94808 | Crypt:1  | Entered Level 1 of the Crypt
 95073 | Crypt:1  | Found a runed translucent gate.
 95096 | Crypt:1  | Reached skill level 11 in Dodging
 95109 | Crypt:1  | Noticed Pimiptod's ghost (adept MiFi)
 95220 | Crypt:1  | Found a runed translucent gate.
 95220 | Crypt:1  | Found a runed translucent gate.
 95831 | Crypt:1  | Reached skill level 12 in Dodging
 97625 | Crypt:2  | Reached skill level 13 in Dodging
 98690 | Crypt:2  | Reached skill level 14 in Dodging
 99702 | Depths:1 | Reached skill level 15 in Dodging
100006 | Depths:1 | Found a stormy altar of Qazlal.
100025 | Depths:1 | Reached skill level 18 in Ice Magic
100274 | Depths:1 | Found a shimmering altar of Xom.
100436 | Depths:1 | Found a gateway to Hell.
100814 | Depths:1 | Found a one-way gate leading to the halls of Pandemonium.
101602 | Depths:2 | Reached skill level 19 in Ice Magic
101814 | Depths:2 | Identified the +2 robe "Vusem" {rPois rF+ rCorr Stlth-}
102449 | Depths:2 | Reached skill level 14 in Axes
102594 | Depths:2 | Identified the ring "Ereoqa" {rCorr MP+9}
102643 | Depths:2 | Reached XP level 25. HP: 184/184 MP: 24/44
103633 | Depths:3 | Reached skill level 15 in Axes
104641 | Depths:3 | Reached skill level 16 in Axes
105963 | Depths:3 | Reached skill level 17 in Axes
106390 | Depths:3 | Noticed a juggernaut
106407 | Depths:3 | Killed a juggernaut
106808 | Depths:4 | Entered Level 4 of the Depths
106814 | Depths:3 | Upgraded the game from 0.31-a0-1612-g4aaf141004 to
                  | 0.31-a0-1616-gbeaec30b81
107160 | Depths:4 | Noticed a juggernaut
107205 | Depths:4 | Noticed a juggernaut
107213 | Depths:4 | cheese over lava
107235 | Depths:4 | Reached skill level 18 in Axes
107289 | Depths:4 | Reached skill level 8 in Evocations
107980 | Depths:4 | Found a one-way gateway to a ziggurat.
108176 | Depths:3 | Learned a level 5 spell: Alistair's Intoxication
108244 | Depths:4 | Killed a juggernaut
108245 | Depths:4 | Reached skill level 9 in Evocations
108974 | Depths:4 | Reached skill level 10 in Evocations
110144 | Depths:4 | Reached skill level 11 in Evocations
110475 | Depths:4 | Found a gate to the Realm of Zot.
111060 | Vaults:5 | Reached XP level 26. HP: 133/168 MP: 1/44
111742 | Crypt:2  | Reached skill level 20 in Ice Magic
112260 | Crypt:2  | Identified the +4 hand axe of Law {flame, rPois rN+++ Int-5
                  | SInv}
112935 | Crypt:2  | Identified the +8 sling "Qame" {flame, rElec rF+ rN+ Dex+4}
113119 | Crypt:3  | Entered Level 3 of the Crypt
113639 | Crypt:3  | Noticed Boris
113654 | Crypt:3  | Noticed Xtahua
113662 | Crypt:3  | Killed Boris
114064 | Crypt:3  | Reached skill level 21 in Ice Magic
116229 | Crypt:3  | Got the Annotations on Ruinous Incineration
116293 | Crypt:3  | Killed Xtahua
116783 | Crypt:3  | Reached skill level 15 in Hexes
117091 | Crypt:3  | Found a staircase to the Tomb.
118048 | Vaults:5 | Reached skill level 16 in Hexes
118048 | Vaults:5 | Noticed a dread lich
118184 | Vaults:5 | Killed a dread lich
118185 | Vaults:5 | Reached skill level 17 in Hexes
118777 | Vaults:5 | Identified the ring "Coit Pewk" {rF+ rC+ Dex+6 Slay+5}
118790 | Vaults:4 | Gained mutation: You occasionally lose the ability to read
                  | scrolls when taking damage. [mutagenic glow]
118912 | Vaults:5 | Reached skill level 18 in Hexes
119113 | Vaults:4 | Reached XP level 27. HP: 173/197 MP: 17/44
119447 | Vaults:5 | Lost mutation: You expend magic power (3 MP) to strengthen
                  | your wands. [potion of mutation]
119447 | Vaults:5 | Lost mutation: You occasionally lose the ability to read
                  | scrolls when taking damage. [potion of mutation]
119447 | Vaults:5 | Lost mutation: Your body sometimes deteriorates upon taking
                  | damage. [potion of mutation]
119447 | Vaults:5 | Gained mutation: You passively dampen the noise of your
                  | surroundings. [potion of mutation]
119447 | Vaults:5 | Gained mutation: You expend magic power (3 MP) to
                  | strengthen your wands. [potion of mutation]
119447 | Vaults:5 | Gained mutation: You have sharp toenails. [potion of
                  | mutation]
119643 | Vaults:5 | Got a silver rune of Zot
119665 | Vaults:5 | Got Sif Muna's Reference Book on Translocation
119670 | Vaults:5 | Identified the maw talisman of the Undertaker {rC+ rN+++
                  | Str-3 Int+3}
119684 | Vaults:5 | Identified the +1 pair of boots of Chimes {rCorr SInv}
120707 | Snake:3  | Bought a manual of Evocations for 1040 gold pieces
120871 | Shoals:2 | Upgraded the game from 0.31-a0-1616-gbeaec30b81 to
                  | 0.31-a0-1620-gcbf77bbcfc
120975 | Shoals:2 | Voluntarily entered the Abyss.
120990 | Abyss:1  | Found a corrupted altar of Lugonu.
121102 | Abyss:2  | Found a corrupted altar of Lugonu.
121102 | Abyss:2  | Found a corrupted altar of Lugonu.
121251 | Abyss:2  | Reached skill level 12 in Evocations
121491 | Abyss:2  | Reached skill level 13 in Evocations
121568 | Abyss:2  | Reached skill level 13 in Fighting
121593 | Shoals:2 | Escaped the Abyss
121686 | Shoals:2 | Voluntarily entered the Abyss.
121790 | Abyss:2  | Found a corrupted altar of Lugonu.
121896 | Abyss:2  | Reached skill level 14 in Evocations
121970 | Abyss:2  | Gained mutation: You sometimes lose your temper in combat.
                  | [a cacodemon]
122041 | Abyss:3  | Got an abyssal rune of Zot
122122 | Shoals:2 | Escaped the Abyss
122611 | Depths:2 | Reached skill level 14 in Fighting
122659 | Depths:2 | Lost mutation: You passively dampen the noise of your
                  | surroundings. [potion of mutation]
122659 | Depths:2 | Lost mutation: You sometimes lose your temper in combat.
                  | [potion of mutation]
122659 | Depths:2 | Gained mutation: You have razor-sharp toenails. [potion of
                  | mutation]
122659 | Depths:2 | Gained mutation: You have a pair of small antennae on your
                  | head. [potion of mutation]
122958 | Zot:1    | Entered Level 1 of the Realm of Zot
123131 | Zot:1    | Reached skill level 15 in Evocations
123829 | Crypt:1  | Killed Pimiptod's ghost
124609 | Depths:4 | Killed a juggernaut
124929 | Vaults:2 | Bought the amulet "Uluylu Qezu" {Spirit rPois Will+} for
                  | 748 gold pieces
125157 | Zot:1    | Reached skill level 16 in Evocations
125168 | Zot:1    | Reached skill level 10 in Stealth
125538 | Zot:1    | Noticed Vv
125695 | Zot:1    | Killed Vv
125696 | Zot:1    | Reached skill level 10 in Alchemy
126003 | Zot:1    | Reached skill level 17 in Evocations
127334 | Zot:1    | Reached skill level 11 in Alchemy
127334 | Zot:1    | Reached skill level 18 in Evocations
129238 | Zot:2    | Reached skill level 12 in Alchemy
129940 | Zot:2    | Identified the +0 pair of gloves of Noon {Stlth+}
130019 | Zot:2    | Reached skill level 18 in Spellcasting
130143 | Zot:2    | You fall into a shaft and drop 1 floor!
130325 | Zot:3    | Reached skill level 10 in Ranged Weapons
130945 | Zot:3    | Identified the +7 orcbow of the Known World {freeze, rElec
                  | rF+ Int-2}
131002 | Zot:3    | Reached skill level 19 in Spellcasting
131246 | Zot:3    | Reached skill level 11 in Ranged Weapons
131880 | Zot:2    | Got the Atlas of the Warrior-Mage
131892 | Zot:2    | Learned a level 7 spell: Enfeeble
131898 | Zot:2    | Identified the +1 pair of gloves of Beogh's Envy {rCorr}
131905 | Zot:2    | Identified the +1 robe of Makhleb, Shifting {^Drain rC+
                  | Will+ Dex+2}
132909 | Zot:4    | Reached skill level 19 in Hexes
133666 | Zot:5    | Entered Level 5 of the Realm of Zot
134072 | Zot:4    | Reached skill level 20 in Hexes
136432 | Zot:5    | Noticed Bealaq's ghost (legendary GnFE)
136432 | Zot:5    | Identified the +9 short sword of the Teaching Traitor
                  | {venom, Str+4 Stlth+}
136434 | Zot:5    | Found a transporter.
136437 | Zot:5    | Found a transporter.
136473 | Zot:5    | Reached skill level 21 in Hexes
136838 | Zot:5    | Upgraded the game from 0.31-a0-1620-gcbf77bbcfc to
                  | 0.31-a0-1626-g5cb510d322
137305 | Zot:5    | Learned a level 4 spell: Passage of Golubria
137357 | Zot:5    | Noticed a dread lich
137365 | Zot:5    | Noticed an orb of fire
137367 | Zot:5    | Noticed an orb of fire
137379 | Zot:4    | Reached skill level 1 in Translocations
137549 | Zot:5    | Killed a dread lich
137550 | Zot:5    | Reached skill level 2 in Translocations
137651 | Zot:5    | Reached skill level 3 in Translocations
137654 | Zot:5    | Noticed a dread lich
137683 | Zot:5    | Killed a dread lich
137684 | Zot:5    | Reached skill level 4 in Translocations
137834 | Zot:5    | Noticed a dread lich
137854 | Zot:5    | Killed a dread lich
137855 | Zot:5    | Reached skill level 5 in Translocations
138256 | Zot:5    | Gained mutation: Your spells are a little harder to cast,
                  | but a little more powerful. [an orb of fire]
138263 | Zot:5    | Killed an orb of fire
138264 | Zot:5    | Reached skill level 6 in Translocations
138269 | Zot:5    | Gained mutation: You have hidden genetic defects.
                  | [mutagenic glow]
138386 | Zot:5    | Noticed an orb of fire
138390 | Zot:5    | Lost mutation: You have a pair of small antennae on your
                  | head. [an orb of fire]
138395 | Zot:5    | Killed an orb of fire
138516 | Zot:5    | Reached skill level 7 in Translocations
138592 | Zot:5    | Noticed a dread lich
138750 | Zot:5    | Gained mutation: Your body sometimes deteriorates upon
                  | taking damage. [an orb of fire]
138921 | Zot:5    | Noticed an ancient lich
138951 | Zot:5    | Killed an ancient lich
139195 | Zot:5    | Reached skill level 8 in Translocations
139263 | Zot:5    | Killed a dread lich
139531 | Zot:5    | Reached skill level 9 in Translocations
139559 | Zot:5    | Noticed an ancient lich
139826 | Zot:5    | Killed an ancient lich
140012 | Zot:5    | Reached skill level 10 in Translocations
140414 | Zot:5    | Gained mutation: Your magical capacity is low. (-10% MP)
                  | [hidden defects]
140416 | Zot:5    | Gained mutation: Armour fits poorly on your strangely
                  | shaped body. [mutagenic glow]
140436 | Zot:5    | Gained mutation: You are clumsy. (Dex -2) [an orb of fire]
140440 | Zot:5    | Reached skill level 11 in Translocations
140451 | Zot:5    | Gained mutation: You occasionally lose the ability to read
                  | scrolls when taking damage. [mutagenic glow]
140454 | Zot:5    | Killed an orb of fire
141052 | Zot:5    | Reached skill level 12 in Translocations
141263 | Zot:5    | Reached skill level 20 in Spellcasting
141428 | Zot:5    | Found the +9 scales of the Dragon King {rPois rF+ rC+
                  | Will+}
141652 | Zot:2    | Lost mutation: You have razor-sharp toenails. [potion of
                  | mutation]
141652 | Zot:2    | Lost mutation: You expend magic power (3 MP) to strengthen
                  | your wands. [potion of mutation]
141652 | Zot:2    | Lost mutation: Armour fits poorly on your strangely shaped
                  | body. [potion of mutation]
141652 | Zot:2    | Gained mutation: You are dopey. (Int -2) [potion of
                  | mutation]
141652 | Zot:2    | Gained mutation: You passively map a small area around you.
                  | [potion of mutation]
141947 | Vaults:2 | Bought a potion of mutation for 152 gold pieces
141947 | Vaults:2 | Bought a potion of mutation for 152 gold pieces
141947 | Vaults:2 | Lost mutation: Your magical capacity is low. (-10% MP)
                  | [potion of mutation]
141947 | Vaults:2 | Lost mutation: Your body sometimes deteriorates upon taking
                  | damage. [potion of mutation]
141947 | Vaults:2 | Lost mutation: Your spells are a little harder to cast, but
                  | a little more powerful. [potion of mutation]
141948 | Vaults:2 | Lost mutation: You have sharp toenails. [potion of
                  | mutation]
141948 | Vaults:2 | Lost mutation: You are clumsy. (Dex -2) [potion of
                  | mutation]
141948 | Vaults:2 | Lost mutation: You are dopey. (Int -2) [potion of mutation]
141948 | Vaults:2 | Gained mutation: You are clumsy. (Dex -2) [potion of
                  | mutation]
141948 | Vaults:2 | Gained mutation: You occasionally shout uncontrollably at
                  | your foes. [potion of mutation]
142065 | Vaults:4 | Lost mutation: You passively map a small area around you.
                  | [potion of mutation]
142065 | Vaults:4 | Lost mutation: You occasionally lose the ability to read
                  | scrolls when taking damage. [potion of mutation]
142065 | Vaults:4 | Gained mutation: You have an increased reservoir of magic.
                  | (+10% MP) [potion of mutation]
142065 | Vaults:4 | Gained mutation: You possess an exceptional clarity of
                  | mind. [potion of mutation]
142066 | Vaults:4 | Lost mutation: You have an increased reservoir of magic.
                  | (+10% MP) [potion of mutation]
142066 | Vaults:4 | Lost mutation: You occasionally shout uncontrollably at
                  | your foes. [potion of mutation]
142066 | Vaults:4 | Gained mutation: You are frail. (-10% HP) [potion of
                  | mutation]
142066 | Vaults:4 | Gained mutation: Your health recovers twice as slowly from
                  | being drained. [potion of mutation]
142066 | Vaults:4 | Gained mutation: Your muscles are strong. (Str +4, Int/Dex
                  | -1) [potion of mutation]
142067 | Vaults:4 | Lost mutation: Your muscles are strong. (Str +4, Int/Dex
                  | -1) [potion of mutation]
142067 | Vaults:4 | Lost mutation: You are clumsy. (Dex -2) [potion of
                  | mutation]
142067 | Vaults:4 | Gained mutation: You are partially covered in iridescent
                  | scales. (AC +2) [potion of mutation]
142133 | Vaults:5 | Lost mutation: You possess an exceptional clarity of mind.
                  | [potion of mutation]
142133 | Vaults:5 | Lost mutation: You have hidden genetic defects. [potion of
                  | mutation]
142133 | Vaults:5 | Lost mutation: You are partially covered in iridescent
                  | scales. (AC +2) [potion of mutation]
142133 | Vaults:5 | Gained mutation: You have sharp toenails. [potion of
                  | mutation]
142133 | Vaults:5 | Gained mutation: You have razor-sharp toenails. [potion of
                  | mutation]
142168 | Vaults:5 | Lost mutation: You have razor-sharp toenails. [potion of
                  | mutation]
142168 | Vaults:5 | Lost mutation: Your health recovers twice as slowly from
                  | being drained. [potion of mutation]
142168 | Vaults:5 | Gained mutation: Your magical capacity is low. (-10% MP)
                  | [potion of mutation]
142168 | Vaults:5 | Gained mutation: You expend magic power (3 MP) to
                  | strengthen your wands. [potion of mutation]
142493 | Zig:1    | Entered Level 1 of a ziggurat
142522 | Zig:2    | Entered Level 2 of a ziggurat
142710 | Zig:3    | Entered Level 3 of a ziggurat
142980 | Zig:4    | Entered Level 4 of a ziggurat
142981 | Zig:4    | Noticed Meuxurch the pandemonium lord
142984 | Zig:4    | Reached skill level 22 in Ice Magic
142986 | Zig:4    | Killed Meuxurch the pandemonium lord
143249 | Zig:4    | Identified the +0 whip "Ewergh" {drain, rElec rPois Will+
                  | Str+2 Dex-2}
143257 | Zig:5    | Entered Level 5 of a ziggurat
143261 | Zig:5    | Noticed Tanem the pandemonium lord
143294 | Zig:5    | HP: 23/261 [Tanem the pandemonium lord (18)]
143297 | Zig:5    | Killed Tanem the pandemonium lord
143631 | Zig:5    | Reached skill level 21 in Spellcasting
143641 | Zig:5    | Learned a level 8 spell: Discord
143654 | Zig:5    | Identified the +1 chain mail of Bespelled Miracles {Will+
                  | Stlth+}
143668 | Zig:6    | Entered Level 6 of a ziggurat
143674 | Zig:6    | Noticed an ancient lich
143692 | Zig:6    | Killed an ancient lich
143794 | Zig:6    | Identified the +0 ring mail of the Unseen Realm {rC+ Dex+2}
143795 | Zig:6    | Identified the staff "Reha" {rElec rPois Dex+3 Stlth+ Summ
                  | Alchemy}
143809 | Zig:6    | Lost mutation: You expend magic power (3 MP) to strengthen
                  | your wands. [potion of mutation]
143809 | Zig:6    | Lost mutation: You have sharp toenails. [potion of
                  | mutation]
143809 | Zig:6    | Lost mutation: You are frail. (-10% HP) [potion of
                  | mutation]
143809 | Zig:6    | Gained mutation: Your flesh is cold resistant. (rC+)
                  | [potion of mutation]
143809 | Zig:6    | Gained mutation: You are weak. (Str -2) [potion of
                  | mutation]
143850 | Zig:7    | Entered Level 7 of a ziggurat
143867 | Zig:7    | Reached skill level 22 in Spellcasting
143983 | Zig:8    | Entered Level 8 of a ziggurat
144143 | Zig:8    | Identified the +0 pair of gloves of Impish Birdsong {-Tele
                  | rPois rN++}
144144 | Zig:8    | Identified the amulet "Elionwett" {Spirit Str+3 Int-3}
144151 | Zig:8    | Identified the amulet "Ulir Jof" {Acrobat Harm rN+ SInv}
144154 | Zig:8    | Identified the +5 scale mail of Insecurity {*Slow Str+5
                  | Dex+3}
144166 | Zig:9    | Entered Level 9 of a ziggurat
144197 | Zig:9    | Reached skill level 22 in Hexes
144360 | Zig:9    | Identified the +3 long sword of Autumn {flame, Int+3}
144363 | Zig:9    | Identified the ring "Fovvy" {rN+ rCorr Str-3 Int+4 Dex+3}
144367 | Zig:9    | Identified the +0 leather armour "Azuithrao" {Int+4}
144377 | Zig:9    | Lost mutation: You are weak. (Str -2) [potion of mutation]
144377 | Zig:9    | Lost mutation: Your magical capacity is low. (-10% MP)
                  | [potion of mutation]
144377 | Zig:9    | Gained mutation: You are strong-willed. (Will+) [potion of
                  | mutation]
144377 | Zig:9    | Gained mutation: Your spells are a little easier to cast,
                  | but a little less powerful. [potion of mutation]
144377 | Zig:9    | Gained mutation: You possess an exceptional clarity of
                  | mind. [potion of mutation]
144392 | Zig:10   | Entered Level 10 of a ziggurat
144398 | Zig:10   | Noticed a royal mummy
144431 | Zig:11   | Entered Level 11 of a ziggurat
144692 | Zig:11   | Noticed a royal mummy
144699 | Zig:11   | Noticed a royal mummy
144699 | Zig:11   | Noticed a royal mummy
144705 | Zig:11   | Found the +4 robe of Folly {Brill Will-∞ Int+8}
144725 | Depths:3 | Acquired the amulet "Wuum" {Reflect rN++ Str+2 SH+5}
145011 | Depths:4 | Killed a royal mummy
145518 | Zot:5    | Got the Orb of Zot
145985 | D:3      | Noticed Alizecza the pandemonium lord
146116 | D:$      | Escaped with the Orb!

Illustrated notes

#################e#############
...#..#.............##..#...#.##
###.[..........[*...#...##'##..#
##.[........)...).#..........#
##[.....)..#####)[........#.# #
##...#.#### #.#.......##.# ###
#####.########.#.......##.# ..##
#[##...)).[##.........# ##.#####
#.)..##F##.##.....##### .......#
####.#...#.####)### #......##
#.'.<.'......# ........#
#.#..[#.###### ........##
#.##'##.## .........#
#..).....### .<.......#
########...# .........### ####.#
.....<.....# ##..#.#


Turn 61141 on Elf:3: chingching ###~~~~~...# #......## #..........####.......##
'...........##~~~##....## #...........#~~~0###....## ########....~~~0~# #.....#
#..Vu~~~~~# #Q#.....## #......#..0u~~00~# #.##.....## #......#...u~~~~~#
#.####....## #......####u0~0~F# #..........# #......# #u0~~00# #......#....
#......# #.~~~0~###......# . #......# #....Cu0........+ #......#
####0~~####.....# #......# ##~## #.....+ .......# ### #.....# ###'#### #.....#
#.# #....[# Turn 107213 on Depths:4: cheese over lava

Levels and vault maps discovered:
D:1:      roderic_chinese_lattice_arrival, layout_rooms, minmay_octomino_e4
D:2:      layout_basic, grunt_decor_fettered, uniq_natasha
D:3:      layout_basic
D:4:      layout_basic, minmay_misc_feat_room
D:5:      layout_basic, mainiacjoe_overflow_swirl, serial_shops,
          nicolae_stop_n_shop_1, uniq_prince_ribbit1, uniq_eustachio
D:6:      layout_cave_pools, minmay_temple_entry_gardened_gates
D:7:      wad_lake_hut, layout_basic, enter_bailey_5
D:8:      layout_layer_cave, dpeg_oklobed_lair, minivault_21
D:9:      cheibrodos_barr_body, layout_loops_cross, serial_shops,
          nicolae_square_shop, minivault_27, minivault_14, minmay_between
D:10:     gammafunk_corrupted_shrine, layout_rooms,
          gammafunk_temple_overflow_statue, david_orc_2, uniq_harold
D:11:     minmay_tri_box, layout_rooms, hangedman_decor_lopped, fedhas_altar_4
D:12:     layout_roguey
D:13:     layout_basic, skrybe_vaults_entry_preservation, uniq_rupert
D:14:     nzn_winding_woodlands_huge [nzn_winding_woodlands_5x15_river_crossing,
          nzn_winding_woodlands_5x15_jagged, nzn_winding_woodlands_5x15_zeroes,
          nzn_winding_woodlands_5x15_cabin, nzn_winding_woodlands_5x15_crooked,
          nzn_winding_woodlands_5x15_concentric,
          nzn_winding_woodlands_5x15_twine,
          nzn_winding_woodlands_5x15_sidewinder,
          nzn_winding_woodlands_5x15_pockets, nzn_winding_woodlands_5x15_garden,
          nzn_winding_woodlands_center_lodge,
          nzn_winding_woodlands_center_garden,
          nzn_winding_woodlands_15x15_boxy_spiral], layout_basic,
          ebering_ghost_xom, cheibriados_altar_1, uniq_josephine
D:15:     hellmonk_depths_entry_around_the_bend, layout_basic,
          ebering_ghost_gozag, serial_shops, shop, nzn_wu_jian_council_hall
Temple:   nicolae_temple_bog_church
Lair:1:   layout_regular_city, grunt_forest_large_clearing_hut
Lair:2:   layout_chaotic_city, elwin_shoals_entry_stream, wad_woods_02,
          infiniplex_staircase_pool
Lair:3:   lemuel_reptile_caves, layout_cellular_growth,
          nicolae_snake_entry_warm_welcome, cheibrodos_lair_lostbears
Lair:4:   layout_gridlike, basic_altar, serial_bayou, serial_bayou_lagoon_b,
          serial_bayou_pond_e, serial_bayou_crossing, serial_bayou_shore_a,
          infiniplex_staircase_pool_2
Lair:5:   evilmike_catoblepas_cave, layout_loops_ring, slime_entry_2,
          portal_ice_cave_rime, wad_woods_river_04
Shoals:1: layout_shoals, uniq_jorgrun
Shoals:2: layout_shoals, nicolae_shoals_abyss_on_the_beach
Shoals:3: layout_shoals
Shoals:4: shoals_end_hellmonk_storm_palace [storm_palace_center_ruins,
          storm_palace_corner_blocked, storm_palace_corner_altar,
          storm_palace_corner_narrow, storm_palace_corner_altar]
Snake:1:  layout_misc_corridors, st_stairs_13, drop_trap
Snake:2:  layout_layer_cave, grunt_megastairs_3, lemuel_fruit_tree
Snake:3:  layout_rooms, serial_library_hellmonk_semicircle, grunt_ministairs_9,
          nicolae_take_the_stairs, nicolae_shop_i_like_big_books
Snake:4:  grunt_snake_rune_serpentine_throne, layout_rooms, minmay_shop_star,
          serial_bayou_shore_b
Slime:1:  layout_caves
Slime:2:  layout_caves, special_room [special_room_jelly]
Slime:3:  layout_caves, cheibrodos_slime_lost_civilization_6, uniq_dissolution
Slime:4:  layout_caves, nicolae_slime_getting_an_eyeful
Slime:5:  slime_pit_nicolae_royal_road_to_ruin
Orc:1:    layout_caves
Orc:2:    st_orc_mages, layout_diamond_mine, basic_altar, uniq_saint_roka
Elf:1:    elf_arrival_001, layout_onion_city, hangedman_elf_represent,
          minivault_25, minmay_misc_feat_rows, uniq_asterion
Elf:2:    nicolae_elf_blades_crystal_corner, layout_loops_corners, uniq_louise,
          uniq_azrael
Elf:3:    minmay_elf_hall, layout_loops_cross, serial_library,
          serial_library_regret_index_boxing, serial_library_hellmonk_hallway_b,
          serial_library_hellmonk_h_bend, serial_library_hellmonk_hallway_b,
          serial_library_regret_index_double_sided, minmay_librarian
Vaults:1: hangedman_vaults_stagger, nicolae_vaults_shipping_containers_5,
          v_alt_pattern_2, vaults_mumra_lcd, nicolae_vaults_network_barrier,
          vaults_room_pool, vaults_room_large_hall, v_misc_1,
          nicolae_vaults_bisected_exclaves, nicolae_vaults_door_testing_chamber,
          vaults_room_large_hall, nicolae_vaults_tetromino_Z_1,
          nicolae_vaults_trapezoid_2, layout_vaults_maze_snakey,
          nicolae_trove_entry_path_of_doom
Vaults:2: nicolae_vaults_diamond_2, nicolae_vaults_frosty_reception, v_misc_26,
          minmay_crypt_entry_nasty_monster, v_misc_25,
          grunt_vaults_hallway_short, v_misc_29, nicolae_vaults_minivaults,
          nicolae_vaults_network_periphery, v_misc_28, vaults_room_fours,
          layout_vaults_ring, serial_shops, shop, shop, shop,
          nicolae_shop_rolling_square, shop
Vaults:3: v_misc_33, dpeg_vaults_monster_box, nicolae_vaults_lightning_bolt,
          ontoclasm_vaults_misaligned, vaults_room_corners,
          nicolae_vaults_layer_cake_slice, hangedman_vaults_impose,
          ontoclasm_vaults_gateway, nicolae_vaults_apartment_1,
          layout_vaults_omnigrid
Vaults:4: portal_desolation_entry_holy_temple, nicolae_vaults_back_hallway,
          nicolae_vaults_trapezoid_3, nicolae_vaults_ring_of_whatevers,
          nicolae_vaults_doubleplus_tesselated, v_misc_25,
          ontoclasm_vaults_loading_screen, serial_library_hellmonk_open_cross,
          v_misc_27, nicolae_vaults_asterisk, layout_vaults_omnicross,
          serial_shops, nicolae_shop_gibbet_a_chance
Vaults:5: serial_shops
Crypt:1:  layout_chaotic_city, ebering_ghost_rock_garden,
          nicolae_crypt_crosshalls, grunt_megastairs_5
Crypt:2:  cheibrodos_crypt_draghalla, layout_chaotic_city
Crypt:3:  evilmike_haunted_forest, uniq_boris, uniq_xtahua
Depths:1: layout_cave_pools, nicolae_qazlal_eye_of_the_storm, pf_coc_iceberg,
          rand_demon_pan_entry_8, abyss_entry, lemuel_statue_altar,
          grunt_tough_drop
Depths:2: dreamdust_merry_men, layout_cave_pools, pf_hell_entry_tar_spiral,
          pan_entry, hex_tiny
Depths:3: minmay_nine_rooms, layout_cave_pools, minmay_room_of_horrors,
          grunt_hell_entry_dis_mu, rand_demon_pan_entry_4, minivault_16
Depths:4: grunt_zot_entry_bicorn, layout_basic, enter_ziggurat_c,
          minmay_misc_feat_five, abyss_entry, hell_entry
Zot:1:    layout_onion_interference, uniq_vv
Zot:2:    regret_index_all_hallows'_manor, layout_gridlike,
          regret_index_zotdec_under_construction
Zot:3:    kennysheep_room_grid, layout_gridlike,
          regret_index_zotdec_gossamer_parallel
Zot:4:    layout_cathedral_of_symmetry
Zot:5:    layout_misc_corridors, gammafunk_ghost_arena

Skill      XL: |  1  2  3  4  5  6  7  8  9 10 11 12 13 14 15 16 17 18 19 20 21 22 23 24 25 26 27 |
---------------+----------------------------------------------------------------------------------+-----
Ranged Weapons | 3 4 6 7 9 11 | 11.8
Hexes          | 4 5 6 9 11 12 14 18 22 | 22.3
Throwing       | 2 |  2.7
Armour         | 3 8 10 14 15 17 | 17.8
Short Blades   | 4 7 10 | 10.6
Fighting       | 3 8 9 10 12 14 | 14.0
Stealth        | 5 6 9 10 | 10.2
Fire Magic     | 10 12 | 12.4
Evocations     | 2 6 7 11 18 | 18.8
Spellcasting   | 2 6 8 12 14 17 22 | 22.0
Conjurations   | 8 11 12 14 | 14.9
Ice Magic      | 5 12 14 16 17 19 21 22 | 22.1
Dodging        | 3 9 10 15 | 15.8
Alchemy        | 4 7 9 12 | 12.1
Long Blades    | 8 12 | 12.1
Axes           | 5 12 14 18 | 18.0
Translocations | 12 | 12.1

Action                     |  1- 3 |  4- 6 |  7- 9 | 10-12 | 13-15 | 16-18 | 19-21 | 22-24 | 25-27 || total
---------------------------+-------+-------+-------+-------+-------+-------+-------+-------+-------++-------
  Melee: Dagger            |       |    20 |   130 |   974 |  1367 |   682 |   444 |   215 |   324 ||  4156
         Punch             |       |       |     2 |       |       |       |       |       |       ||     2
         Falchion          |       |       |       |       |       |   330 |   789 |       |       ||  1119
         Scimitar          |       |       |       |       |       |       |       |   206 |   303 ||   509
         Broad axe         |       |       |       |       |       |       |       |   840 |  2108 ||  2948
   Fire: Sling             |    95 |   109 |   243 |   428 |   691 |   327 |     8 |       |    15 ||  1916
  Throw: Dart              |       |       |     1 |     2 |     6 |       |       |       |       ||     9
         Throwing net      |       |       |       |       |       |       |       |       |     2 ||     2
   Cast: Jinxbite          |     5 |    20 |    43 |    20 |    55 |    11 |       |       |       ||   154
         Passwall          |       |       |       |     2 |     2 |       |       |       |       ||     4
         Cause Fear        |       |       |       |     1 |    27 |    13 |    12 |    10 |    11 ||    74
         Inner Flame       |       |       |       |       |    74 |    92 |    15 |     4 |     5 ||   190
         Apportation       |       |       |       |       |     1 |       |       |     1 |     6 ||     8
         Fireball          |       |       |       |       |    53 |   126 |   562 |   324 |   275 ||  1340
         Metabolic Englaci |       |       |       |       |     1 |    37 |    16 |    17 |    15 ||    86
         Dimensional Bulls |       |       |       |       |       |     4 |     1 |       |       ||     5
         Ozocubu's Armour  |       |       |       |       |       |     2 |     2 |     6 |    11 ||    21
         Yara's Violent Un |       |       |       |       |       |    11 |    17 |    18 |    46 ||    92
         Irradiate         |       |       |       |       |       |     1 |    56 |    63 |   118 ||   238
         Sticky Flame      |       |       |       |       |       |       |    22 |    80 |   279 ||   381
         Stone Arrow       |       |       |       |       |       |       |       |   140 |    28 ||   168
         Ozocubu's Refrige |       |       |       |       |       |       |       |   138 |   286 ||   424
         Anguish           |       |       |       |       |       |       |       |     2 |    22 ||    24
         Alistair's Intoxi |       |       |       |       |       |       |       |       |     9 ||     9
         Enfeeble          |       |       |       |       |       |       |       |       |    52 ||    52
         Passage of Golubr |       |       |       |       |       |       |       |       |    14 ||    14
         Discord           |       |       |       |       |       |       |       |       |     9 ||     9
 Invoke: Sacrifice a Hand  |       |       |     1 |       |       |       |       |       |       ||     1
         Draw Out Power    |       |       |       |     4 |     4 |     3 |     3 |     3 |     5 ||    22
         Power Leap        |       |       |       |     1 |    11 |     5 |    13 |     5 |    22 ||    57
         Sacrifice Love    |       |       |       |     1 |       |       |       |       |       ||     1
         Sacrifice an Eye  |       |       |       |     1 |       |       |       |       |       ||     1
         Sacrifice Purity  |       |       |       |     1 |       |       |       |       |       ||     1
         Apocalypse        |       |       |       |       |     2 |     3 |     4 |     5 |    10 ||    24
Ability: Hop               |     2 |     3 |     9 |    10 |    26 |    11 |    11 |    13 |    35 ||   120
  Evoke: Wand              |       |       |       |     1 |     8 |     3 |     3 |     6 |    42 ||    63
         Lightning rod     |       |       |       |       |    11 |     9 |     9 |    12 |    15 ||    56
         Tin of tremorston |       |       |       |       |       |       |       |     1 |     7 ||     8
         Phial of floods   |       |       |       |       |       |       |       |       |     3 ||     3
    Use: Scroll            |       |     4 |     3 |    19 |    10 |     5 |     7 |     9 |    36 ||    93
         Potion            |       |       |       |     2 |     2 |     4 |     5 |     5 |    33 ||    51
   Stab: Invisible         |       |       |     1 |     5 |     9 |    19 |    12 |    12 |    39 ||    97
         Distracted        |       |       |     1 |     5 |     8 |     2 |     9 |     7 |    21 ||    53
         Paralysed         |       |       |       |     2 |     4 |     6 |    13 |    25 |    38 ||    88
         Fleeing           |       |       |       |       |     2 |     1 |       |       |       ||     3
         Sleeping          |       |       |       |       |     9 |     1 |     3 |     1 |       ||    14
 Armour: Robe              |     6 |       |       |       |       |       |       |       |       ||     6
         Ring mail         |    23 |    72 |    92 |   103 |   475 |   489 |   102 |       |       ||  1356
         Plate armour      |       |       |       |   426 |   210 |       |       |       |  1755 ||  2391
         Chain mail        |       |       |       |       |       |       |   799 |   971 |   581 ||  2351
         Skin              |       |       |       |       |       |       |       |     4 |       ||     4
  Dodge: Dodged            |    31 |    48 |    79 |   160 |   375 |   570 |   436 |   471 |  1509 ||  3679
  Block: Other             |       |       |     5 |   103 |   116 |   142 |   164 |   166 |   131 ||   827
         Reflection        |       |       |       |     4 |    15 |    20 |    17 |     8 |     4 ||    68

Table legend: (Time is in decaauts)
 A = Elapsed time spent in this place.
 B = Non-inter-level travel time spent in this place.
 C = Inter-level travel time spent in this place.
 D = Time resting spent in this place.
 E = Time spent auto-exploring this place.
 F = Levels seen in this place.
 G = Mean time per level.
                   A        B        C        D        E       F      G
               +--------+--------+--------+--------+--------+-----+--------+
         Total | 153450 | 137079 |  16371 |  62670 |  44915 |  74 | 2073.6 |
       Dungeon |  29689 |  23973 |   5716 |   7368 |  11694 |  15 | 1979.3 |
        Temple |     34 |      3 |     31 |      0 |      0 |   1 |   34.0 |
          Lair |  12337 |  10504 |   1833 |   3299 |   4562 |   5 | 2467.4 |
        Shoals |   8768 |   8344 |    424 |   4314 |   2879 |   4 | 2192.0 |
     Snake Pit |  14053 |  12913 |   1140 |   6658 |   3573 |   4 | 3513.2 |
    Slime Pits |   8155 |   7626 |    529 |   4497 |   1801 |   5 | 1631.0 |
  Orcish Mines |   3614 |   3274 |    340 |   1153 |   1221 |   2 | 1807.0 |
   Elven Halls |   8093 |   7816 |    277 |   4072 |   2272 |   3 | 2697.7 |
        Vaults |  16518 |  13521 |   2997 |   5418 |   5699 |   5 | 3303.6 |
         Crypt |  11235 |  10692 |    543 |   4927 |   3754 |   3 | 3745.0 |
        Depths |  14752 |  13236 |   1516 |   7829 |   3068 |   4 | 3688.0 |
           Zot |  16548 |  15530 |   1018 |   8083 |   3620 |   5 | 3309.6 |
         Abyss |    949 |    949 |      0 |    227 |     25 |   4 |  237.2 |
      Ziggurat |   2219 |   2219 |      0 |   1591 |     13 |  11 |  201.7 |
        Bailey |   1023 |   1023 |      0 |    337 |     59 |   1 | 1023.0 |
      Ice Cave |   1943 |   1943 |      0 |   1067 |    299 |   1 | 1943.0 |
    Desolation |   3514 |   3514 |      0 |   1825 |    370 |   1 | 3514.0 |
               +--------+--------+--------+--------+--------+-----+--------+

Top non-repeatable levels by time:
Depths:4: 5024 daAuts
 Snake:2: 4904 daAuts
    D:14: 4740 daAuts
 Crypt:3: 4645 daAuts
   Zot:5: 4574 daAuts
Depths:3: 4565 daAuts
Vaults:1: 4561 daAuts
   Elf:3: 4356 daAuts
    D:15: 3988 daAuts
 Snake:4: 3915 daAuts
Vaults:2: 3703 daAuts
   Zot:4: 3669 daAuts
Vaults:4: 3542 daAuts
Desolation: 3514 daAuts
 Crypt:1: 3426 daAuts

Table legend: (Time is in decaauts)
 A = Elapsed time spent in this place.
 B = Non-inter-level travel time spent in this place.
 C = Inter-level travel time spent in this place.
 D = Time resting spent in this place.
 E = Time spent auto-exploring this place.
 F = Levels seen in this place.
 G = Mean time per level.
                   A        B        C        D        E       F      G
               +--------+--------+--------+--------+--------+-----+--------+
         Total | 153450 | 137079 |  16371 |  62670 |  44915 |  74 | 2073.6 |
       Dungeon |  29689 |  23973 |   5716 |   7368 |  11694 |  15 | 1979.3 |
        Temple |     34 |      3 |     31 |      0 |      0 |   1 |   34.0 |
          Lair |  12337 |  10504 |   1833 |   3299 |   4562 |   5 | 2467.4 |
        Shoals |   8768 |   8344 |    424 |   4314 |   2879 |   4 | 2192.0 |
     Snake Pit |  14053 |  12913 |   1140 |   6658 |   3573 |   4 | 3513.2 |
    Slime Pits |   8155 |   7626 |    529 |   4497 |   1801 |   5 | 1631.0 |
  Orcish Mines |   3614 |   3274 |    340 |   1153 |   1221 |   2 | 1807.0 |
   Elven Halls |   8093 |   7816 |    277 |   4072 |   2272 |   3 | 2697.7 |
        Vaults |  16518 |  13521 |   2997 |   5418 |   5699 |   5 | 3303.6 |
         Crypt |  11235 |  10692 |    543 |   4927 |   3754 |   3 | 3745.0 |
        Depths |  14752 |  13236 |   1516 |   7829 |   3068 |   4 | 3688.0 |
           Zot |  16548 |  15530 |   1018 |   8083 |   3620 |   5 | 3309.6 |
         Abyss |    949 |    949 |      0 |    227 |     25 |   4 |  237.2 |
      Ziggurat |   2219 |   2219 |      0 |   1591 |     13 |  11 |  201.7 |
        Bailey |   1023 |   1023 |      0 |    337 |     59 |   1 | 1023.0 |
      Ice Cave |   1943 |   1943 |      0 |   1067 |    299 |   1 | 1943.0 |
    Desolation |   3514 |   3514 |      0 |   1825 |    370 |   1 | 3514.0 |
               +--------+--------+--------+--------+--------+-----+--------+

Top non-repeatable levels by time:
Depths:4: 5024 daAuts
 Snake:2: 4904 daAuts
    D:14: 4740 daAuts
 Crypt:3: 4645 daAuts
   Zot:5: 4574 daAuts
Depths:3: 4565 daAuts
Vaults:1: 4561 daAuts
   Elf:3: 4356 daAuts
    D:15: 3988 daAuts
 Snake:4: 3915 daAuts
Vaults:2: 3703 daAuts
   Zot:4: 3669 daAuts
Vaults:4: 3542 daAuts
Desolation: 3514 daAuts
 Crypt:1: 3426 daAuts

Table legend:
 A = Kills in this place as a percentage of kills in the entire game.
 B = Kills by you in this place as a percentage of kills by you in the entire game.
 C = Kills by friends in this place as a percentage of kills by friends in the entire game.
 D = Other kills in this place as a percentage of other kills in the entire game.
 E = Experience gained in this place as a percentage of experience gained in the entire game.
 F = Experience gained in this place divided by the number of levels of this place that you have seen.
                   A       B       C       D       E      F
               +-------+-------+-------+-------+-------+----------------------
         Total | 100.0 | 100.0 | 100.0 | 100.0 | 100.0 | 22858.6
       Dungeon |  16.6 |  17.0 |   0.0 |   7.7 |   6.8 | 7698.6
          Lair |   6.1 |   6.2 |   0.0 |   4.6 |   2.9 | 9916.4
        Shoals |   5.5 |   5.6 |   0.0 |   3.1 |   4.4 | 18719.0
     Snake Pit |   7.4 |   7.4 |   0.0 |   9.2 |   6.5 | 27626.2
    Slime Pits |   6.4 |   6.4 |   0.0 |  10.8 |   7.3 | 24863.4
  Orcish Mines |   5.1 |   5.2 |   0.0 |   1.5 |   0.8 | 6633.5
   Elven Halls |   4.4 |   4.4 |   0.0 |   4.6 |   5.2 | 29585.3
        Vaults |  10.0 |  10.1 |   0.0 |   9.2 |  13.7 | 46279.6
         Crypt |   8.0 |   8.1 |   0.0 |   7.7 |   8.3 | 46754.3
        Depths |   9.3 |   9.2 |   0.0 |  16.9 |  13.5 | 57296.0
           Zot |   8.7 |   8.6 |   0.0 |  13.8 |  20.1 | 67860.8
         Abyss |   3.3 |   3.4 |   0.0 |   3.1 |   3.1 | 13052.8
      Ziggurat |   3.4 |   2.1 | 100.0 |   7.7 |   4.2 | 6486.3
        Bailey |   1.8 |   1.9 |   0.0 |   0.0 |   0.1 | 1606.0
      Ice Cave |   1.2 |   1.2 |   0.0 |   0.0 |   0.3 | 5875.0
    Desolation |   3.2 |   3.3 |   0.0 |   0.0 |   2.6 | 43565.0
               +-------+-------+-------+-------+-------+----------------------

Levels and vault maps discovered:
D:1:      roderic_chinese_lattice_arrival, layout_rooms, minmay_octomino_e4
D:2:      layout_basic, grunt_decor_fettered, uniq_natasha
D:3:      layout_basic
D:4:      layout_basic, minmay_misc_feat_room
D:5:      layout_basic, mainiacjoe_overflow_swirl, serial_shops,
          nicolae_stop_n_shop_1, uniq_prince_ribbit1, uniq_eustachio
D:6:      layout_cave_pools, minmay_temple_entry_gardened_gates
D:7:      wad_lake_hut, layout_basic, enter_bailey_5
D:8:      layout_layer_cave, dpeg_oklobed_lair, minivault_21
D:9:      cheibrodos_barr_body, layout_loops_cross, serial_shops,
          nicolae_square_shop, minivault_27, minivault_14, minmay_between
D:10:     gammafunk_corrupted_shrine, layout_rooms,
          gammafunk_temple_overflow_statue, david_orc_2, uniq_harold
D:11:     minmay_tri_box, layout_rooms, hangedman_decor_lopped, fedhas_altar_4
D:12:     layout_roguey
D:13:     layout_basic, skrybe_vaults_entry_preservation, uniq_rupert
D:14:     nzn_winding_woodlands_huge [nzn_winding_woodlands_5x15_river_crossing,
          nzn_winding_woodlands_5x15_jagged, nzn_winding_woodlands_5x15_zeroes,
          nzn_winding_woodlands_5x15_cabin, nzn_winding_woodlands_5x15_crooked,
          nzn_winding_woodlands_5x15_concentric,
          nzn_winding_woodlands_5x15_twine,
          nzn_winding_woodlands_5x15_sidewinder,
          nzn_winding_woodlands_5x15_pockets, nzn_winding_woodlands_5x15_garden,
          nzn_winding_woodlands_center_lodge,
          nzn_winding_woodlands_center_garden,
          nzn_winding_woodlands_15x15_boxy_spiral], layout_basic,
          ebering_ghost_xom, cheibriados_altar_1, uniq_josephine
D:15:     hellmonk_depths_entry_around_the_bend, layout_basic,
          ebering_ghost_gozag, serial_shops, shop, nzn_wu_jian_council_hall
Temple:   nicolae_temple_bog_church
Lair:1:   layout_regular_city, grunt_forest_large_clearing_hut
Lair:2:   layout_chaotic_city, elwin_shoals_entry_stream, wad_woods_02,
          infiniplex_staircase_pool
Lair:3:   lemuel_reptile_caves, layout_cellular_growth,
          nicolae_snake_entry_warm_welcome, cheibrodos_lair_lostbears
Lair:4:   layout_gridlike, basic_altar, serial_bayou, serial_bayou_lagoon_b,
          serial_bayou_pond_e, serial_bayou_crossing, serial_bayou_shore_a,
          infiniplex_staircase_pool_2
Lair:5:   evilmike_catoblepas_cave, layout_loops_ring, slime_entry_2,
          portal_ice_cave_rime, wad_woods_river_04
Shoals:1: layout_shoals, uniq_jorgrun
Shoals:2: layout_shoals, nicolae_shoals_abyss_on_the_beach
Shoals:3: layout_shoals
Shoals:4: shoals_end_hellmonk_storm_palace [storm_palace_center_ruins,
          storm_palace_corner_blocked, storm_palace_corner_altar,
          storm_palace_corner_narrow, storm_palace_corner_altar]
Snake:1:  layout_misc_corridors, st_stairs_13, drop_trap
Snake:2:  layout_layer_cave, grunt_megastairs_3, lemuel_fruit_tree
Snake:3:  layout_rooms, serial_library_hellmonk_semicircle, grunt_ministairs_9,
          nicolae_take_the_stairs, nicolae_shop_i_like_big_books
Snake:4:  grunt_snake_rune_serpentine_throne, layout_rooms, minmay_shop_star,
          serial_bayou_shore_b
Slime:1:  layout_caves
Slime:2:  layout_caves, special_room [special_room_jelly]
Slime:3:  layout_caves, cheibrodos_slime_lost_civilization_6, uniq_dissolution
Slime:4:  layout_caves, nicolae_slime_getting_an_eyeful
Slime:5:  slime_pit_nicolae_royal_road_to_ruin
Orc:1:    layout_caves
Orc:2:    st_orc_mages, layout_diamond_mine, basic_altar, uniq_saint_roka
Elf:1:    elf_arrival_001, layout_onion_city, hangedman_elf_represent,
          minivault_25, minmay_misc_feat_rows, uniq_asterion
Elf:2:    nicolae_elf_blades_crystal_corner, layout_loops_corners, uniq_louise,
          uniq_azrael
Elf:3:    minmay_elf_hall, layout_loops_cross, serial_library,
          serial_library_regret_index_boxing, serial_library_hellmonk_hallway_b,
          serial_library_hellmonk_h_bend, serial_library_hellmonk_hallway_b,
          serial_library_regret_index_double_sided, minmay_librarian
Vaults:1: hangedman_vaults_stagger, nicolae_vaults_shipping_containers_5,
          v_alt_pattern_2, vaults_mumra_lcd, nicolae_vaults_network_barrier,
          vaults_room_pool, vaults_room_large_hall, v_misc_1,
          nicolae_vaults_bisected_exclaves, nicolae_vaults_door_testing_chamber,
          vaults_room_large_hall, nicolae_vaults_tetromino_Z_1,
          nicolae_vaults_trapezoid_2, layout_vaults_maze_snakey,
          nicolae_trove_entry_path_of_doom
Vaults:2: nicolae_vaults_diamond_2, nicolae_vaults_frosty_reception, v_misc_26,
          minmay_crypt_entry_nasty_monster, v_misc_25,
          grunt_vaults_hallway_short, v_misc_29, nicolae_vaults_minivaults,
          nicolae_vaults_network_periphery, v_misc_28, vaults_room_fours,
          layout_vaults_ring, serial_shops, shop, shop, shop,
          nicolae_shop_rolling_square, shop
Vaults:3: v_misc_33, dpeg_vaults_monster_box, nicolae_vaults_lightning_bolt,
          ontoclasm_vaults_misaligned, vaults_room_corners,
          nicolae_vaults_layer_cake_slice, hangedman_vaults_impose,
          ontoclasm_vaults_gateway, nicolae_vaults_apartment_1,
          layout_vaults_omnigrid
Vaults:4: portal_desolation_entry_holy_temple, nicolae_vaults_back_hallway,
          nicolae_vaults_trapezoid_3, nicolae_vaults_ring_of_whatevers,
          nicolae_vaults_doubleplus_tesselated, v_misc_25,
          ontoclasm_vaults_loading_screen, serial_library_hellmonk_open_cross,
          v_misc_27, nicolae_vaults_asterisk, layout_vaults_omnicross,
          serial_shops, nicolae_shop_gibbet_a_chance
Vaults:5: serial_shops
Crypt:1:  layout_chaotic_city, ebering_ghost_rock_garden,
          nicolae_crypt_crosshalls, grunt_megastairs_5
Crypt:2:  cheibrodos_crypt_draghalla, layout_chaotic_city
Crypt:3:  evilmike_haunted_forest, uniq_boris, uniq_xtahua
Depths:1: layout_cave_pools, nicolae_qazlal_eye_of_the_storm, pf_coc_iceberg,
          rand_demon_pan_entry_8, abyss_entry, lemuel_statue_altar,
          grunt_tough_drop
Depths:2: dreamdust_merry_men, layout_cave_pools, pf_hell_entry_tar_spiral,
          pan_entry, hex_tiny
Depths:3: minmay_nine_rooms, layout_cave_pools, minmay_room_of_horrors,
          grunt_hell_entry_dis_mu, rand_demon_pan_entry_4, minivault_16
Depths:4: grunt_zot_entry_bicorn, layout_basic, enter_ziggurat_c,
          minmay_misc_feat_five, abyss_entry, hell_entry
Zot:1:    layout_onion_interference, uniq_vv
Zot:2:    regret_index_all_hallows'_manor, layout_gridlike,
          regret_index_zotdec_under_construction
Zot:3:    kennysheep_room_grid, layout_gridlike,
          regret_index_zotdec_gossamer_parallel
Zot:4:    layout_cathedral_of_symmetry
Zot:5:    layout_misc_corridors, gammafunk_ghost_arena

Action                     |  1- 3 |  4- 6 |  7- 9 | 10-12 | 13-15 | 16-18 | 19-21 | 22-24 | 25-27 || total
---------------------------+-------+-------+-------+-------+-------+-------+-------+-------+-------++-------
  Melee: Dagger            |       |    20 |   130 |   974 |  1367 |   682 |   444 |   215 |   324 ||  4156
         Punch             |       |       |     2 |       |       |       |       |       |       ||     2
         Falchion          |       |       |       |       |       |   330 |   789 |       |       ||  1119
         Scimitar          |       |       |       |       |       |       |       |   206 |   303 ||   509
         Broad axe         |       |       |       |       |       |       |       |   840 |  2108 ||  2948
   Fire: Sling             |    95 |   109 |   243 |   428 |   691 |   327 |     8 |       |    15 ||  1916
  Throw: Dart              |       |       |     1 |     2 |     6 |       |       |       |       ||     9
         Throwing net      |       |       |       |       |       |       |       |       |     2 ||     2
   Cast: Jinxbite          |     5 |    20 |    43 |    20 |    55 |    11 |       |       |       ||   154
         Passwall          |       |       |       |     2 |     2 |       |       |       |       ||     4
         Cause Fear        |       |       |       |     1 |    27 |    13 |    12 |    10 |    11 ||    74
         Inner Flame       |       |       |       |       |    74 |    92 |    15 |     4 |     5 ||   190
         Apportation       |       |       |       |       |     1 |       |       |     1 |     6 ||     8
         Fireball          |       |       |       |       |    53 |   126 |   562 |   324 |   275 ||  1340
         Metabolic Englaci |       |       |       |       |     1 |    37 |    16 |    17 |    15 ||    86
         Dimensional Bulls |       |       |       |       |       |     4 |     1 |       |       ||     5
         Ozocubu's Armour  |       |       |       |       |       |     2 |     2 |     6 |    11 ||    21
         Yara's Violent Un |       |       |       |       |       |    11 |    17 |    18 |    46 ||    92
         Irradiate         |       |       |       |       |       |     1 |    56 |    63 |   118 ||   238
         Sticky Flame      |       |       |       |       |       |       |    22 |    80 |   279 ||   381
         Stone Arrow       |       |       |       |       |       |       |       |   140 |    28 ||   168
         Ozocubu's Refrige |       |       |       |       |       |       |       |   138 |   286 ||   424
         Anguish           |       |       |       |       |       |       |       |     2 |    22 ||    24
         Alistair's Intoxi |       |       |       |       |       |       |       |       |     9 ||     9
         Enfeeble          |       |       |       |       |       |       |       |       |    52 ||    52
         Passage of Golubr |       |       |       |       |       |       |       |       |    14 ||    14
         Discord           |       |       |       |       |       |       |       |       |     9 ||     9
 Invoke: Sacrifice a Hand  |       |       |     1 |       |       |       |       |       |       ||     1
         Draw Out Power    |       |       |       |     4 |     4 |     3 |     3 |     3 |     5 ||    22
         Power Leap        |       |       |       |     1 |    11 |     5 |    13 |     5 |    22 ||    57
         Sacrifice Love    |       |       |       |     1 |       |       |       |       |       ||     1
         Sacrifice an Eye  |       |       |       |     1 |       |       |       |       |       ||     1
         Sacrifice Purity  |       |       |       |     1 |       |       |       |       |       ||     1
         Apocalypse        |       |       |       |       |     2 |     3 |     4 |     5 |    10 ||    24
Ability: Hop               |     2 |     3 |     9 |    10 |    26 |    11 |    11 |    13 |    35 ||   120
  Evoke: Wand              |       |       |       |     1 |     8 |     3 |     3 |     6 |    42 ||    63
         Lightning rod     |       |       |       |       |    11 |     9 |     9 |    12 |    15 ||    56
         Tin of tremorston |       |       |       |       |       |       |       |     1 |     7 ||     8
         Phial of floods   |       |       |       |       |       |       |       |       |     3 ||     3
    Use: Scroll            |       |     4 |     3 |    19 |    10 |     5 |     7 |     9 |    36 ||    93
         Potion            |       |       |       |     2 |     2 |     4 |     5 |     5 |    33 ||    51
   Stab: Invisible         |       |       |     1 |     5 |     9 |    19 |    12 |    12 |    39 ||    97
         Distracted        |       |       |     1 |     5 |     8 |     2 |     9 |     7 |    21 ||    53
         Paralysed         |       |       |       |     2 |     4 |     6 |    13 |    25 |    38 ||    88
         Fleeing           |       |       |       |       |     2 |     1 |       |       |       ||     3
         Sleeping          |       |       |       |       |     9 |     1 |     3 |     1 |       ||    14
 Armour: Robe              |     6 |       |       |       |       |       |       |       |       ||     6
         Ring mail         |    23 |    72 |    92 |   103 |   475 |   489 |   102 |       |       ||  1356
         Plate armour      |       |       |       |   426 |   210 |       |       |       |  1755 ||  2391
         Chain mail        |       |       |       |       |       |       |   799 |   971 |   581 ||  2351
         Skin              |       |       |       |       |       |       |       |     4 |       ||     4
  Dodge: Dodged            |    31 |    48 |    79 |   160 |   375 |   570 |   436 |   471 |  1509 ||  3679
  Block: Other             |       |       |     5 |   103 |   116 |   142 |   164 |   166 |   131 ||   827
         Reflection        |       |       |       |     4 |    15 |    20 |    17 |     8 |     4 ||    68
